Workbook

Sheet Statements Input
A1: =C5 -> Macfarlane
B3: Company Ticker | C3: MACF
B4: Index | C4: MACF
B5: Company Name | C5: Macfarlane
B6: Ending Year | C6: 2025
B7: Units | C7: 1000
B8: Marginal Tax Rate | C8: 0.25
B9: Current Stock Price | C9: 0.89
B11: Income Statement | E11: =F11-1 -> 2016 | F11: =G11-1 -> 2017 | G11: =H11-1 -> 2018 | H11: =I11-1 -> 2019 | I11: =J11-1 -> 2020 | J11: =K11-1 -> 2021 | K11: =L11-1 -> 2022 | L11: =M11-1 -> 2023 | M11: =N11-1 -> 2024 | N11: =C6 -> 2025
B12: Revenue | H12: 225246 | I12: 230029 | J12: 264465 | K12: 290431 | L12: 280714 | M12: 270347 | N12: 287430
B13: Cost of Good Solds | H13: -153256 | I13: -153483 | J13: -174998 | K13: -192374 | L13: -175033 | M13: -165065 | N13: -178130
B15: Gross Profit | E15: =E12+E13 -> 0 | F15: =F12+F13 -> 0 | G15: =G12+G13 -> 0 | H15: =H12+H13 -> 71990 | I15: =I12+I13 -> 76546 | J15: =J12+J13 -> 89467 | K15: =K12+K13 -> 98057 | L15: =L12+L13 -> 105681 | ... N15: =N12+N13 -> 109300
B17: Operating Expenses
B18: Research & Development
B19: Selling, General & Administrative | H19: -34937 | I19: =-35027 -> -35027 | J19: =-40201 -> -40201 | K19: -43850 | L19: -48665 | M19: -48614 | N19: =-0.176*N12 -> -50587.68
B20: D&A - Intangibles | H20: 0 | J20: 0 | K20: 0 | L20: 0 | M20: 0 | N20: 0
B21: D&A - Right-of-use Assets | H21: -6223 | I21: =-6740 -> -6740 | J21: -6899 | K21: -7542 | L21: -7854 | M21: -8878 | N21: =-9597 -> -9597
B22: D&A - Assets | H22: -1598 | I22: -1719 | J22: =-(1475) -> -1475 | K22: =-(1498) -> -1498 | L22: =-(1720) -> -1720 | M22: =-(1879) -> -1879 | N22: -2224
B23: Other Operating Expenses | H23: =-8441-3913 -> -12354 | I23: =-8429-7722 -> -16151 | J23: =-8651-217-5347 -> -14215 | K23: =-10736-186-5595-3577 -> -20094 | L23: =-10485-10855 -> -21340 | M23: =-11165-198-6629 -> -17992 | N23: =-0.066*N12-3264 -> -22234.38
B24: Total Operating Expenses | E24: =SUM(E18:E23) -> 0 | F24: =SUM(F18:F23) -> 0 | G24: =SUM(G18:G23) -> 0 | H24: =SUM(H18:H23) -> -55112 | I24: =SUM(I18:I23) -> -59637 | J24: =SUM(J18:J23) -> -62790 | K24: =SUM(K18:K23) -> -72984 | L24: =SUM(L18:L23) -> -79579 | ... N24: =SUM(N18:N23) -> -84643.06
B26: Operating Income | E26: =E15+E24 -> 0 | F26: =F15+F24 -> 0 | G26: =G15+G24 -> 0 | H26: =H15+H24 -> 16878 | I26: =I15+I24 -> 16909 | J26: =J15+J24 -> 26677 | K26: =K15+K24 -> 25073 | L26: =L15+L24 -> 26102 | ... N26: =N15+N24 -> 24656.94
B27: Operating Margin | E27: =IFERROR(E26/E12,"-") -> - | F27: =IFERROR(F26/F12,"-") -> - | G27: =IFERROR(G26/G12,"-") -> - | H27: =IFERROR(H26/H12,"-") -> 0.074931408 | I27: =IFERROR(I26/I12,"-") -> 0.073508123 | J27: =IFERROR(J26/J12,"-") -> 0.10087157 | K27: =IFERROR(K26/K12,"-") -> 0.086330316 | L27: =IFERROR(L26/L12,"-") -> 0.092984319 | ... N27: =IFERROR(N26/N12,"-") -> 0.085784156
B29: Non Operating Income (Expense)
B30: Interest Income | H30: 0 | I30: 0 | J30: 0 | K30: 0 | L30: 0 | M30: 0 | N30: 0
B31: Interest Expense | H31: -1625 | I31: -1367 | J31: -1390 | K31: -1562 | L31: -2298 | M31: -3091 | N31: -3860
B32: Gain (Loss) on Assets/Investment | H32: 0 | I32: 0 | J32: 0 | K32: 0 | L32: 0 | M32: 0 | N32: 0
B33: Other Non-Operating Items | H33: 0 | I33: 0 | J33: 0 | K33: 0 | L33: 0 | M33: 0 | N33: 0
B34: Totaling Non Operating Income | E34: =SUM(E30:E33) -> 0 | F34: =SUM(F30:F33) -> 0 | G34: =SUM(G30:G33) -> 0 | H34: =SUM(H30:H33) -> -1625 | I34: =SUM(I30:I33) -> -1367 | J34: =SUM(J30:J33) -> -1390 | K34: =SUM(K30:K33) -> -1562 | L34: =SUM(L30:L33) -> -2298 | ... N34: =SUM(N30:N33) -> -3860
B36: Earning Before Taxes | E36: =E26+E34 -> 0 | F36: =F26+F34 -> 0 | G36: =G26+G34 -> 0 | H36: =H26+H34 -> 15253 | I36: =I26+I34 -> 15542 | J36: =J26+J34 -> 25287 | K36: =K26+K34 -> 23511 | L36: =L26+L34 -> 23804 | ... N36: =N26+N34 -> 20796.94
B38: Income Tax Expense | H38: -2262 | I38: -2831 | J38: -4917 | K38: -4210 | L38: -5306 | M38: -5366 | N38: -4160
B40: Net Income from continuing operations | E40: =E36+E38 -> 0 | F40: =F36+F38 -> 0 | G40: =G36+G38 -> 0 | H40: =H36+H38 -> 12991 | I40: =I36+I38 -> 12711 | J40: =J36+J38 -> 20370 | K40: =K36+K38 -> 19301 | L40: =L36+L38 -> 18498 | ... N40: =N36+N38 -> 16636.94
B42: Discounted Operations
B43: Income (loss) from Discontinued operations | H43: 0 | I43: 0 | J43: 0 | K43: 0 | L43: 0 | M43: 0 | N43: 0
B44: Income Tax Benefit (Expense) | H44: 0 | I44: 0 | J44: 0 | K44: 0 | L44: 0 | M44: 0 | N44: 0
B46: Net Income | E46: =E40+E43+E44 -> 0 | F46: =F40+F43+F44 -> 0 | G46: =G40+G43+G44 -> 0 | H46: =H40+H43+H44 -> 12991 | I46: =I40+I43+I44 -> 12711 | J46: =J40+J43+J44 -> 20370 | K46: =K40+K43+K44 -> 19301 | L46: =L40+L43+L44 -> 18498 | ... N46: =N40+N43+N44 -> 16636.94
B48: Net Income Attributable to non controlling interest | H48: 0 | I48: 0 | J48: 0 | K48: 0 | L48: 0 | M48: 0 | N48: 0
B50: Net Income Attributable to Shareholders | E50: =E46-E48 -> 0 | F50: =F46-F48 -> 0 | G50: =G46-G48 -> 0 | H50: =H46-H48 -> 12991 | I50: =I46-I48 -> 12711 | J50: =J46-J48 -> 20370 | K50: =K46-K48 -> 19301 | L50: =L46-L48 -> 18498 | ... N50: =N46-N48 -> 16636.94
B52: Shares
B53: Basic Shares Outstanding | K53: =158.16*1000 -> 158160 | L53: =158.54*1000 -> 158540 | M53: =159.18*1000 -> 159180 | N53: =159.27*1000 -> 159270
B54: Diluted Shares Outstanding | K54: =159.82*1000 -> 159820 | L54: =160.33*1000 -> 160330 | M54: =159.52*1000 -> 159520 | N54: =159.27*1000 -> 159270
B56: Earning Per Shares
B57: Basic EPS | E57: =IFERROR(E50/E53,"N/A") -> N/A | F57: =IFERROR(F50/F53,"N/A") -> N/A | G57: =IFERROR(G50/G53,"N/A") -> N/A | H57: =IFERROR(H50/H53,"N/A") -> N/A | I57: =IFERROR(I50/I53,"N/A") -> N/A | J57: =IFERROR(J50/J53,"N/A") -> N/A | K57: =IFERROR(K50/K53,"N/A") -> 0.12203465 | L57: =IFERROR(L50/L53,"N/A") -> 0.11667718 | ... N57: =IFERROR(N50/N53,"N/A") -> 0.10445746
B58: Diluted EPS | E58: =IFERROR(E50/E54,"N/A") -> N/A | F58: =IFERROR(F50/F54,"N/A") -> N/A | G58: =IFERROR(G50/G54,"N/A") -> N/A | H58: =IFERROR(H50/H54,"N/A") -> N/A | I58: =IFERROR(I50/I54,"N/A") -> N/A | J58: =IFERROR(J50/J54,"N/A") -> N/A | K58: =IFERROR(K50/K54,"N/A") -> 0.12076711 | L58: =IFERROR(L50/L54,"N/A") -> 0.11537454 | ... N58: =IFERROR(N50/N54,"N/A") -> 0.10445746
B61: Cashflow Statement | E61: =F61-1 -> 2016 | F61: =G61-1 -> 2017 | G61: =H61-1 -> 2018 | H61: =I61-1 -> 2019 | I61: =J61-1 -> 2020 | J61: =K61-1 -> 2021 | K61: =L61-1 -> 2022 | L61: =M61-1 -> 2023 | M61: =N61-1 -> 2024 | N61: =C6 -> 2025
B62: Cashflow from operations
B63: Net Income | E63: =E46 -> 0 | F63: =F46 -> 0 | G63: =G46 -> 0 | H63: =H46 -> 12991 | I63: =I46 -> 12711 | J63: =J46 -> 20370 | K63: =K46 -> 19301 | L63: =L46 -> 18498 | ... N63: =N46 -> 16636.94
B64: D&A | E64: =-(SUM(E20:E22)) -> 0 | F64: =-(SUM(F20:F22)) -> 0 | G64: =-(SUM(G20:G22)) -> 0 | H64: =-(SUM(H20:H22)) -> 7821 | I64: =-(SUM(I20:I22)) -> 8459 | J64: =-(SUM(J20:J22)) -> 8374 | K64: =-(SUM(K20:K22)) -> 9040 | L64: =-(SUM(L20:L22)) -> 9574 | ... N64: =-(SUM(N20:N22)) -> 11821
B65: Deferred Income Taxes | I65: 0 | J65: 0 | K65: 0 | L65: 0 | M65: 0 | N65: 0
B66: Gain (Loss) on Asset Sales / Investment | H66: 5 | I66: 30 | J66: =43+232 -> 275 | K66: =71+87 -> 158 | L66: -3 | M66: 39 | N66: 0
B67: Stock Based Compesation | H67: 75 | I67: 75 | J67: 685 | K67: 607 | L67: 586 | M67: -270 | N67: -340
B68: Impairments | J68: 0 | K68: 0 | L68: 0 | M68: 0 | N68: 0
B69: -
B70: Deferred Contigent Consideration Paid | H70: -2994 | I70: -2981 | J70: -1533 | K70: -1838 | M70: -1492 | N70: 0
B72: Net cash from Operations before Working Capital | E72: =SUM(E63:E71) -> 0 | F72: =SUM(F63:F71) -> 0 | G72: =SUM(G63:G71) -> 0 | H72: =SUM(H63:H71) -> 17898 | I72: =SUM(I63:I71) -> 18294 | J72: =SUM(J63:J71) -> 28171 | K72: =SUM(K63:K71) -> 27268 | L72: =SUM(L63:L71) -> 28655 | ... N72: =SUM(N63:N71) -> 28117.94
B74: Net Change in Working Capital | E74: =E94-D94+D92-E92+D93-E93+D95-E95+E114-D114+E116-D116+E115-D115+E118-D118 -> 0 | F74: =F94-E94+E92-F92+E93-F93+E95-F95+F114-E114+F116-E116+F115-E115+F118-E118 -> 0 | G74: =G94-F94+F92-G92+F93-G93+F95-G95+G114-F114+G116-F116+G115-F115+G118-F118 -> 0 | H74: =H94-G94+G92-H92+G93-H93+G95-H95+H114-G114+H116-G116+H115-G115+H118-G118 -> -24444 | I74: =I94-H94+H92-I92+H93-I93+H95-I95+I114-H114+I116-H116+I115-H115+I118-H118 -> 1648 | J74: =J94-I94+I92-J92+I93-J93+I95-J95+J114-I114+J116-I116+J115-I115+J118-I118 -> -1434 | K74: =K94-J94+J92-K92+J93-K93+J95-K95+K114-J114+K116-J116+K115-J115+K118-J118 -> -10174 | L74: =L94-K94+K92-L92+K93-L93+K95-L95+L114-K114+L116-K116+L115-K115+L118-K118 -> 4989 | ... N74: =N94-M94+M92-N92+M93-N93+M95-N95+N114-M114+N116-M116+N115-M115+N118-M118 -> -1202
B76: Net cash from Operations | E76: =E72+E74 -> 0 | F76: =F72+F74 -> 0 | G76: =G72+G74 -> 0 | H76: =H72+H74 -> -6546 | I76: =I72+I74 -> 19942 | J76: =J72+J74 -> 26737 | K76: =K72+K74 -> 17094 | L76: =L72+L74 -> 33644 | ... N76: =N72+N74 -> 26915.94
B78: Cashflow from investing activities
B79: Purchase of PP&E | H79: -2648 | I79: -804 | J79: -2132 | K79: -3285 | L79: -2175 | M79: -2925 | N79: -2839
B80: Sale of PP&E | H80: 185 | I80: 102 | J80: =5212+199 -> 5411 | K80: =166+181 -> 347 | L80: 90 | M80: 45 | N80: 15
B81: Purchase of Intangibles | H81: 0 | I81: 0 | J81: - | K81: 0 | L81: 0 | M81: 0 | N81: -
B82: Acquisitions | H82: -6162 | I82: -2661 | J82: -12238 | K82: -8655 | L82: -14466 | M82: -10600 | N82: -17670
B84: Net cash from investing | E84: =SUM(E79:E82) -> 0 | F84: =SUM(F79:F82) -> 0 | G84: =SUM(G79:G82) -> 0 | H84: =SUM(H79:H82) -> -8625 | I84: =SUM(I79:I82) -> -3363 | J84: =SUM(J79:J82) -> -8959 | K84: =SUM(K79:K82) -> -11593 | L84: =SUM(L79:L82) -> -16551 | ... N84: =SUM(N79:N82) -> -20494
B87: Balance Sheet | E87: =F87-1 -> 2016 | F87: =G87-1 -> 2017 | G87: =H87-1 -> 2018 | H87: =I87-1 -> 2019 | I87: =J87-1 -> 2020 | J87: =K87-1 -> 2021 | K87: =L87-1 -> 2022 | L87: =M87-1 -> 2023 | M87: =N87-1 -> 2024 | N87: =C6 -> 2025
B88: Assets
B89: Current Assets
B90: Cash & Cash Equivalents | H90: 5579 | I90: 7228 | J90: 12315 | K90: 5706 | L90: 7691 | M90: 12928 | N90: 13528
B91: Short term Investments | H91: 0 | I91: 0 | J91: 0 | K91: 0 | L91: 0 | M91: 0
B92: Account Receivable | H92: 52044 | I92: 51371 | J92: 58541 | K92: 59347 | L92: 53792 | M92: 55015 | N92: 58969
B93: Inventory | H93: 15813 | I93: 15858 | J93: 21269 | K93: 22608 | L93: 17523 | M93: 19049 | N93: 22041
B94: Prepaid Expenses | H94: 0 | I94: 0 | J94: 0 | K94: 0 | L94: 0 | M94: 0
B95: Other Current Assets | H95: 0 | I95: 0 | J95: 0 | K95: 675 | L95: 225 | M95: 469 | N95: 2091
B97: Total Current Assets | E97: =SUM(E90:E95) -> 0 | F97: =SUM(F90:F95) -> 0 | G97: =SUM(G90:G95) -> 0 | H97: =SUM(H90:H95) -> 73436 | I97: =SUM(I90:I95) -> 74457 | J97: =SUM(J90:J95) -> 92125 | K97: =SUM(K90:K95) -> 88336 | L97: =SUM(L90:L95) -> 79231 | ... N97: =SUM(N90:N95) -> 96629
B99: Non-Current Assets
B100: Property Plan and Equipment | H100: 9621 | I100: 8640 | J100: 6101 | K100: 7863 | L100: 9210 | M100: 10607 | N100: 13321
B101: Goodwill | H101: 62663 | I101: 60598 | J101: 74902 | K101: 75685 | L101: 87495 | M101: 97970 | N101: 108623
B102: Right of Use Assets | H102: 25885 | I102: 28584 | J102: 34718 | K102: 33938 | L102: 35001 | M102: 41077 | N102: 49511
B103: Intangible Assets | H103: 0 | I103: 0 | J103: 0 | K103: 0 | L103: 0 | M103: 0 | N103: 0
B104: Long-Term Investment | H104: 0 | I104: 0 | J104: 0 | K104: 0 | L104: 0 | M104: 0 | N104: 0
B105: Tax Assets | H105: 1224 | I105: 396 | J105: 19 | K105: 105 | L105: 335 | M105: 145 | N105: 321
B106: Other Non-current Assets | H106: 35 | I106: 35 | J106: =19+8267 -> 8286 | K106: =10199+105 -> 10304 | L106: =9921+35 -> 9956 | M106: =9636+35 -> 9671 | N106: =9217+34 -> 9251
B108: Total Non-Current Assets | E108: =SUM(E100:E106) -> 0 | F108: =SUM(F100:F106) -> 0 | G108: =SUM(G100:G106) -> 0 | H108: =SUM(H100:H106) -> 99428 | I108: =SUM(I100:I106) -> 98253 | J108: =SUM(J100:J106) -> 124026 | K108: =SUM(K100:K106) -> 127895 | L108: =SUM(L100:L106) -> 141997 | ... N108: =SUM(N100:N106) -> 181027
B110: Total Assets | E110: =E97+E108 -> 0 | F110: =F97+F108 -> 0 | G110: =G97+G108 -> 0 | H110: =H97+H108 -> 172864 | I110: =I97+I108 -> 172710 | J110: =J97+J108 -> 216151 | K110: =K97+K108 -> 216231 | L110: =L97+L108 -> 221228 | ... N110: =N97+N108 -> 277656
B112: Liabilities
B113: Current Liabilities
B114: Account Payables | H114: =48530-H115-H119 -> 36199 | I114: =47755-I115-I119 -> 35622 | J114: =60975-J115-J119 -> 42147 | K114: =54577-K115-K119 -> 36290 | L114: =50623-L115-L119 -> 30323 | M114: =50263-7977-M119 -> 34432 | N114: =57648-N115-N119 -> 41817
B115: Accrued Expenses | H115: 6554 | I115: 6977 | J115: =11703 -> 11703 | K115: 10167 | L115: 11401 | M115: 7977 | N115: 7977
B116: Provisions | H116: 660 | I116: 1834 | J116: 1730 | K116: 1769 | L116: 401 | M116: 1044 | N116: 1025
B117: Income Taxes Payables | H117: 1084 | I117: 1731 | J117: 771 | K117: 304 | L117: 983 | M117: 1035 | N117: 1291
B118: Deferred Revenue | H118: 0 | I118: 0 | J118: 0 | K118: 0 | L118: 0 | M118: 0 | N118: 0
B119: Other Current Liabilities | H119: =3662+1600+515 -> 5777 | I119: =4009+1147 -> 5156 | J119: =3905+2930+290 -> 7125 | K119: =3849+3695+576 -> 8120 | L119: =4472+3527+900 -> 8899 | M119: =3929+3212+713 -> 7854 | N119: =3929+3212+713 -> 7854
B120: Short-Term Debt | H120: 18253 | I120: 7766 | J120: 9840 | K120: 9143 | L120: 7164 | M120: 14846 | N120: 28682
B121: Current Portion of Long-Term Debt | H121: 0 | I121: 0 | J121: 0 | K121: 0 | L121: 0 | M121: 0
B122: Lease Liabilities | H122: 6321 | I122: 5784 | J122: 6364 | K122: 6641 | L122: 7307 | M122: 7223 | N122: 8848
B124: Total Current Liabilities | E124: =SUM(E114:E121) -> 0 | F124: =SUM(F114:F121) -> 0 | G124: =SUM(G114:G121) -> 0 | H124: =SUM(H114:H122) -> 74848 | I124: =SUM(I114:I122) -> 64870 | J124: =SUM(J114:J122) -> 79680 | K124: =SUM(K114:K122) -> 72434 | L124: =SUM(L114:L122) -> 66478 | M124: =SUM(M114:M122) -> 74411 | N124: =SUM(N114:N122) -> 97494
B126: Non-Current Liabilities
B127: Long-Term Debt | H127: 0 | I127: 0 | J127: 0 | K127: 0 | L127: 0 | M127: 0 | N127: 0
B128: Lease Liabilities | H128: 19646 | I128: 22908 | J128: 28578 | K128: 27928 | L128: 28869 | M128: 35653 | N128: 42416
B129: Tax Liabilities | H129: 3116 | I129: 3072 | J129: 7472 | K129: 8222 | L129: 9472 | M129: 10937 | N129: 12678
B130: Pension Obligation | H130: 0 | I130: 0 | J130: 0 | K130: 0 | L130: 0 | M130: 0 | N130: 0
B131: Other Non-Current Liabilities | H131: =22+6465 -> 6487 | I131: =1471+592+19 -> 2082 | J131: =1848+3695 -> 5543 | K131: 1560 | L131: =504+1329 -> 1833 | M131: =327+2330 -> 2657 | N131: =479+2407 -> 2886
...

Sheet Scenario Summary
B2: Scenario Summary
D3: Upside | E3: Base | F3: Downside
D4: Created by Franco Gianotti on 9/14/2025 Modified by Franco Gianotti on 9/14/2025 | E4: Created by Franco Gianotti on 9/14/2025 | F4: Created by Franco Gianotti on 9/14/2025
C5: Implicit Price | D5: 1.7261219 | E5: 1.3266675 | F5: 1.1039324
C6: Buy Price (20% Margin of Safety) | D6: 1.3291139 | E6: 1.021534 | F6: 0.85002798

Sheet DFCFF
A1: Free Cash flow To Firm
B4: Years of High growth | D4: 5 | G4: ='Statements Input'!E11 -> 2016 | H4: ='Statements Input'!F11 -> 2017 | I4: ='Statements Input'!G11 -> 2018 | J4: ='Statements Input'!H11 -> 2019 | K4: ='Statements Input'!I11 -> 2020 | L4: ='Statements Input'!J11 -> 2021 | M4: ='Statements Input'!K11 -> 2022 | N4: ='Statements Input'!L11 -> 2023 | ... P4: ='Statements Input'!N11 -> 2025 | Q4: =P4+1 -> 2026 | R4: =Q4+1 -> 2027 | S4: =R4+1 -> 2028 | T4: =S4+1 -> 2029 | U4: =T4+1 -> 2030 | V4: =U4+1 -> 2031 | W4: =V4+1 -> 2032 | X4: =W4+1 -> 2033 | ... Z4: =Y4+1 -> 2035
B5: Terminal Value Method | D5: Exit | F5: Revenue | G5: ='Statements Input'!E12 -> 0 | H5: ='Statements Input'!F12 -> 0 | I5: ='Statements Input'!G12 -> 0 | J5: ='Statements Input'!H12 -> 225246 | K5: ='Statements Input'!I12 -> 230029 | L5: ='Statements Input'!J12 -> 264465 | M5: ='Statements Input'!K12 -> 290431 | N5: ='Statements Input'!L12 -> 280714 | ... P5: ='Statements Input'!N12 -> 287430 | Q5: =P5*(1+Q6) -> 307390.42 | R5: =Q5*(1+R104) -> 328736.97 | S5: =R5*(1+S104) -> 351565.93 | T5: =S5*(1+T104) -> 375980.23 | U5: =T5*(1+U104) -> 402089.97 | V5: =U5*(1+V103) -> 430012.88 | W5: =V5*(1+W103) -> 459874.89 | X5: =W5*(1+X103) -> 491810.65 | Y5: =X5*(1+Y103) -> 525964.16 | Z5: =Y5*(1+Z103) -> 562489.45
B6: Scenario | D6: Base | F6: Revenue % Growth | Q6: {=INDEX($Q$104:$U$106, MATCH($D$6,$F$104:$F$106,0), (COLUMN()-COLUMN($Q$6)+1))} -> 0.069444444 | R6: {=INDEX($Q$104:$U$106, MATCH($D$6,$F$104:$F$106,0), (COLUMN()-COLUMN($Q$6)+1))} -> 0.069444444 | S6: {=INDEX($Q$104:$U$106, MATCH($D$6,$F$104:$F$106,0), (COLUMN()-COLUMN($Q$6)+1))} -> 0.069444444 | T6: {=INDEX($Q$104:$U$106, MATCH($D$6,$F$104:$F$106,0), (COLUMN()-COLUMN($Q$6)+1))} -> 0.069444444 | U6: {=INDEX($Q$104:$U$106, MATCH($D$6,$F$104:$F$106,0), (COLUMN()-COLUMN($Q$6)+1))} -> 0.069444444 | V6: {=INDEX($Q$103:$Z$105, MATCH($D$6,$F$104:$F$106,0), (COLUMN()-COLUMN($Q$6)+1))} -> 0.069444444 | W6: {=INDEX($Q$103:$Z$105, MATCH($D$6,$F$104:$F$106,0), (COLUMN()-COLUMN($Q$6)+1))} -> 0.069444444 | X6: {=INDEX($Q$103:$Z$105, MATCH($D$6,$F$104:$F$106,0), (COLUMN()-COLUMN($Q$6)+1))} -> 0.069444444 | Y6: {=INDEX($Q$103:$Z$105, MATCH($D$6,$F$104:$F$106,0), (COLUMN()-COLUMN($Q$6)+1))} -> 0.069444444 | Z6: {=INDEX($Q$103:$Z$105, MATCH($D$6,$F$104:$F$106,0), (COLUMN()-COLUMN($Q$6)+1))} -> 0.069444444
B8: Discount Rate | F8: Cost of Good Solds | G8: ='Statements Input'!E13 -> 0 | H8: ='Statements Input'!F13 -> 0 | I8: ='Statements Input'!G13 -> 0 | J8: ='Statements Input'!H13 -> -153256 | K8: ='Statements Input'!I13 -> -153483 | L8: ='Statements Input'!J13 -> -174998 | M8: ='Statements Input'!K13 -> -192374 | N8: ='Statements Input'!L13 -> -175033 | ... P8: ='Statements Input'!N13 -> -178130 | Q8: =-Q5*Q9 -> -190582.06 | R8: =-R5*R9 -> -203816.92 | S8: =-S5*S9 -> -217970.88 | T8: =-T5*T9 -> -233107.74 | U8: =-U5*U9 -> -249295.78 | V8: =-V5*V9 -> -266607.99 | W8: =-W5*W9 -> -285122.43 | X8: =-X5*X9 -> -304922.6 | ... Z8: =-Z5*Z9 -> -348743.46
B9: Discount Rate | D9: =Risk!I17 -> 0.071049876 | F9: Cost of Good Solds as % Revenue | Q9: {=INDEX($Q$109:$U$111, MATCH($D$6,$F$109:$F$111,0), (COLUMN()-COLUMN($Q$9)+1))} -> 0.62 | R9: {=INDEX($Q$109:$U$111, MATCH($D$6,$F$109:$F$111,0), (COLUMN()-COLUMN($Q$9)+1))} -> 0.62 | S9: {=INDEX($Q$109:$U$111, MATCH($D$6,$F$109:$F$111,0), (COLUMN()-COLUMN($Q$9)+1))} -> 0.62 | T9: {=INDEX($Q$109:$U$111, MATCH($D$6,$F$109:$F$111,0), (COLUMN()-COLUMN($Q$9)+1))} -> 0.62 | U9: {=INDEX($Q$109:$U$111, MATCH($D$6,$F$109:$F$111,0), (COLUMN()-COLUMN($Q$9)+1))} -> 0.62 | V9: {=INDEX($Q$108:$Z$110, MATCH($D$6,$F$109:$F$111,0), (COLUMN()-COLUMN($Q$9)+1))} -> 0.62 | W9: {=INDEX($Q$108:$Z$110, MATCH($D$6,$F$109:$F$111,0), (COLUMN()-COLUMN($Q$9)+1))} -> 0.62 | X9: {=INDEX($Q$108:$Z$110, MATCH($D$6,$F$109:$F$111,0), (COLUMN()-COLUMN($Q$9)+1))} -> 0.62 | Y9: {=INDEX($Q$108:$Z$110, MATCH($D$6,$F$109:$F$111,0), (COLUMN()-COLUMN($Q$9)+1))} -> 0.62 | Z9: {=INDEX($Q$108:$Z$110, MATCH($D$6,$F$109:$F$111,0), (COLUMN()-COLUMN($Q$9)+1))} -> 0.62
B10: Debt | F10: Gross Profit | G10: =G5+G8 -> 0 | H10: =H5+H8 -> 0 | I10: =I5+I8 -> 0 | J10: =J5+J8 -> 71990 | K10: =K5+K8 -> 76546 | L10: =L5+L8 -> 89467 | M10: =M5+M8 -> 98057 | N10: =N5+N8 -> 105681 | ... Z10: =Z5+Z8 -> 213745.99
B11: Market Value of Debt | D11: ='Statements Input'!N128+'Statements Input'!N120+'Statements Input'!N122 -> 79946
F12: SG&A | G12: ='Statements Input'!E19 -> 0 | H12: ='Statements Input'!F19 -> 0 | I12: ='Statements Input'!G19 -> 0 | J12: ='Statements Input'!H19 -> -34937 | K12: ='Statements Input'!I19 -> -35027 | L12: ='Statements Input'!J19 -> -40201 | M12: ='Statements Input'!K19 -> -43850 | N12: ='Statements Input'!L19 -> -48665 | ... P12: ='Statements Input'!N19 -> -50587.68 | Q12: =-Q5*Q13 -> -54100.713 | R12: =-R5*R13 -> -57857.707 | S12: =-S5*S13 -> -61875.604 | T12: =-T5*T13 -> -66172.521 | U12: =-U5*U13 -> -70767.835 | V12: =-V5*V13 -> -75682.267 | W12: =-W5*W13 -> -80937.98 | X12: =-X5*X13 -> -86558.674 | ... Z12: =-Z5*Z13 -> -98998.143
F13: SG&A as % Revenue | Q13: {=INDEX($Q$114:$U$116, MATCH($D$6,$F$114:$F$116,0), (COLUMN()-COLUMN($Q$12)+1))} -> 0.176 | R13: {=INDEX($Q$114:$U$116, MATCH($D$6,$F$114:$F$116,0), (COLUMN()-COLUMN($Q$12)+1))} -> 0.176 | S13: {=INDEX($Q$114:$U$116, MATCH($D$6,$F$114:$F$116,0), (COLUMN()-COLUMN($Q$12)+1))} -> 0.176 | T13: {=INDEX($Q$114:$U$116, MATCH($D$6,$F$114:$F$116,0), (COLUMN()-COLUMN($Q$12)+1))} -> 0.176 | U13: {=INDEX($Q$114:$U$116, MATCH($D$6,$F$114:$F$116,0), (COLUMN()-COLUMN($Q$12)+1))} -> 0.176 | V13: {=INDEX($Q$113:$Z$115, MATCH($D$6,$F$114:$F$116,0), (COLUMN()-COLUMN($Q$12)+1))} -> 0.176 | W13: {=INDEX($Q$113:$Z$115, MATCH($D$6,$F$114:$F$116,0), (COLUMN()-COLUMN($Q$12)+1))} -> 0.176 | X13: {=INDEX($Q$113:$Z$115, MATCH($D$6,$F$114:$F$116,0), (COLUMN()-COLUMN($Q$12)+1))} -> 0.176 | Y13: {=INDEX($Q$113:$Z$115, MATCH($D$6,$F$114:$F$116,0), (COLUMN()-COLUMN($Q$12)+1))} -> 0.176 | Z13: {=INDEX($Q$113:$Z$115, MATCH($D$6,$F$114:$F$116,0), (COLUMN()-COLUMN($Q$12)+1))} -> 0.176
B14: Perpetual Growth Method
B15: FCFF Last Year | D15: {=INDEX(Q41:Z41, 1, D4)} -> 15946.546 | F15: Other Expenses | G15: ='Statements Input'!E23 -> 0 | H15: ='Statements Input'!F23 -> 0 | I15: ='Statements Input'!G23 -> 0 | J15: ='Statements Input'!H23 -> -12354 | K15: ='Statements Input'!I23 -> -16151 | L15: ='Statements Input'!J23 -> -14215 | M15: ='Statements Input'!K23 -> -20094 | N15: ='Statements Input'!L23 -> -21340 | ... P15: ='Statements Input'!N23 -> -22234.38 | Q15: =-Q5*Q16 -> -21078.659 | R15: =-R5*R16 -> -22542.454 | S15: =-S5*S16 -> -24107.902 | T15: =-T5*T16 -> -25782.062 | U15: =-U5*U16 -> -27572.483 | V15: =-V5*V16 -> -29487.239 | W15: =-W5*W16 -> -31534.964 | X15: =-X5*X16 -> -33724.892 | ... Z15: =-Z5*Z16 -> -38571.544
B16: Perpetual Growth Rate | F16: Other Expenses as % Revenue | Q16: {=INDEX($Q$119:$U$121, MATCH($D$6,$F$119:$F$121,0), (COLUMN()-COLUMN($Q$16)+1))} -> 0.06857292 | R16: {=INDEX($Q$119:$U$121, MATCH($D$6,$F$119:$F$121,0), (COLUMN()-COLUMN($Q$16)+1))} -> 0.06857292 | S16: {=INDEX($Q$119:$U$121, MATCH($D$6,$F$119:$F$121,0), (COLUMN()-COLUMN($Q$16)+1))} -> 0.06857292 | T16: {=INDEX($Q$119:$U$121, MATCH($D$6,$F$119:$F$121,0), (COLUMN()-COLUMN($Q$16)+1))} -> 0.06857292 | U16: {=INDEX($Q$119:$U$121, MATCH($D$6,$F$119:$F$121,0), (COLUMN()-COLUMN($Q$16)+1))} -> 0.06857292 | V16: {=INDEX($Q$118:$Z$120, MATCH($D$6,$F$119:$F$121,0), (COLUMN()-COLUMN($Q$16)+1))} -> 0.06857292 | W16: {=INDEX($Q$118:$Z$120, MATCH($D$6,$F$119:$F$121,0), (COLUMN()-COLUMN($Q$16)+1))} -> 0.06857292 | X16: {=INDEX($Q$118:$Z$120, MATCH($D$6,$F$119:$F$121,0), (COLUMN()-COLUMN($Q$16)+1))} -> 0.06857292 | Y16: {=INDEX($Q$118:$Z$120, MATCH($D$6,$F$119:$F$121,0), (COLUMN()-COLUMN($Q$16)+1))} -> 0.06857292 | Z16: {=INDEX($Q$118:$Z$120, MATCH($D$6,$F$119:$F$121,0), (COLUMN()-COLUMN($Q$16)+1))} -> 0.06857292
B17: Upside | D17: 0.005
B18: Base | D18: 0.005 | F18: EBITDA | G18: =G10+G12+G15 -> 0 | H18: =H10+H12+H15 -> 0 | I18: =I10+I12+I15 -> 0 | J18: =J10+J12+J15 -> 24699 | K18: =K10+K12+K15 -> 25368 | L18: =L10+L12+L15 -> 35051 | M18: =M10+M12+M15 -> 34113 | N18: =N10+N12+N15 -> 35676 | ... Z18: =Z10+Z12+Z15 -> 76176.304
B19: Downside | D19: -0.0025 | F19: EBITDA Margin | G19: =IFERROR(G18/G5,"-") -> - | H19: =IFERROR(H18/H5,"-") -> - | I19: =IFERROR(I18/I5,"-") -> - | J19: =IFERROR(J18/J5,"-") -> 0.10965345 | K19: =IFERROR(K18/K5,"-") -> 0.11028175 | L19: =IFERROR(L18/L5,"-") -> 0.1325355 | M19: =IFERROR(M18/M5,"-") -> 0.11745647 | N19: =IFERROR(N18/N5,"-") -> 0.12709021 | ... Z19: =IFERROR(Z18/Z5,"-") -> 0.13542708
B21: Discount Rate | D21: =D9 -> 0.071049876 | F21: D&A Intangibles | G21: ='Statements Input'!E20 -> 0 | H21: ='Statements Input'!F20 -> 0 | I21: ='Statements Input'!G20 -> 0 | J21: ='Statements Input'!H20 -> 0 | K21: ='Statements Input'!I20 -> 0 | L21: ='Statements Input'!J20 -> 0 | M21: ='Statements Input'!K20 -> 0 | N21: ='Statements Input'!L20 -> 0 | ... Z21: ='Statements Input'!X20 -> 0
F22: D&A Right-of-Use Assets | G22: ='Statements Input'!E21 -> 0 | H22: ='Statements Input'!F21 -> 0 | I22: ='Statements Input'!G21 -> 0 | J22: ='Statements Input'!H21 -> -6223 | K22: ='Statements Input'!I21 -> -6740 | L22: ='Statements Input'!J21 -> -6899 | M22: ='Statements Input'!K21 -> -7542 | N22: ='Statements Input'!L21 -> -7854 | ... P22: ='Statements Input'!N21 -> -9597 | Q22: =Q70 -> -9339.3003 | R22: =R70 -> -9302.0778 | S22: =S70 -> -9265.0037 | T22: =T70 -> -9228.0773 | U22: =U70 -> -9191.2981 | V22: =V69 -> -9155.2297 | W22: =W69 -> -9118.6088 | X22: =X69 -> -9082.1344 | Y22: =Y69 -> -9045.8058 | Z22: =Z69 -> -9009.6226
B23: Terminal Value (PGM) | D23: =(D15*(1+((INDEX($D17:$D19, MATCH($D$6,$B17:$B19,0))))))/(D9-(INDEX($D17:$D19, MATCH($D$6,$B17:$B19,0)))) -> 242639.04 | F23: D&A Fixed Assets | G23: ='Statements Input'!E22 -> 0 | H23: ='Statements Input'!F22 -> 0 | I23: ='Statements Input'!G22 -> 0 | J23: ='Statements Input'!H22 -> -1598 | K23: ='Statements Input'!I22 -> -1719 | L23: ='Statements Input'!J22 -> -1475 | M23: ='Statements Input'!K22 -> -1498 | N23: ='Statements Input'!L22 -> -1720 | ... P23: ='Statements Input'!N22 -> -2224 | Q23: =Q57 -> -2463.1442 | R23: =R57 -> -2630.127 | S23: =S57 -> -2808.4301 | T23: =T57 -> -2998.8207 | U23: =U57 -> -3202.1184 | V23: =V56 -> -3419.3159 | W23: =W56 -> -3651.1455 | X23: =X56 -> -3898.6932 | Y23: =Y56 -> -4163.0246 | Z23: =Z56 -> -4445.2777
B25: EBITDA (Last Year Forecast) | D25: {=INDEX(Q18:Z18, 1, D4)} -> 54453.87 | F25: Total D&A | G25: =SUM(G21:G23) -> 0 | H25: =SUM(H21:H23) -> 0 | I25: =SUM(I21:I23) -> 0 | J25: =SUM(J21:J23) -> -7821 | K25: =SUM(K21:K23) -> -8459 | L25: =SUM(L21:L23) -> -8374 | M25: =SUM(M21:M23) -> -9040 | N25: =SUM(N21:N23) -> -9574 | ... Z25: =SUM(Z21:Z23) -> -13454.9
F26: Operating Profit | G26: =G18+G25 -> 0 | H26: =H18+H25 -> 0 | I26: =I18+I25 -> 0 | J26: =J18+J25 -> 16878 | K26: =K18+K25 -> 16909 | L26: =L18+L25 -> 26677 | M26: =M18+M25 -> 25073 | N26: =N18+N25 -> 26102 | ... Z26: =Z18+Z25 -> 62721.404
B27: Implied Exit Multiple | D27: =D23/D25 -> 4.455864 | F27: Operating Margin | G27: =IFERROR(G26/G5,"-") -> - | H27: =IFERROR(H26/H5,"-") -> - | I27: =IFERROR(I26/I5,"-") -> - | J27: =IFERROR(J26/J5,"-") -> 0.074931408 | K27: =IFERROR(K26/K5,"-") -> 0.073508123 | L27: =IFERROR(L26/L5,"-") -> 0.10087157 | M27: =IFERROR(M26/M5,"-") -> 0.086330316 | N27: =IFERROR(N26/N5,"-") -> 0.092984319 | ... U27: =IFERROR(U26/U5,"-") -> 0.10460458 | V27: =-V26*V125 -> -6849.1265 | W27: =-W26*W125 -> -7426.4638 | X27: =-X26*X125 -> -8043.5478 | Y27: =-Y26*Y125 -> -8703.144 | Z27: =-Z26*Z125 -> -9408.2105 | AU27: Exit
F28: Income Taxes | G28: ='Statements Input'!E38 -> 0 | H28: ='Statements Input'!F38 -> 0 | I28: ='Statements Input'!G38 -> 0 | J28: ='Statements Input'!H38 -> -2262 | K28: ='Statements Input'!I38 -> -2831 | L28: ='Statements Input'!J38 -> -4917 | M28: ='Statements Input'!K38 -> -4210 | N28: ='Statements Input'!L38 -> -5306 | ... P28: ='Statements Input'!N38 -> -4160 | Q28: =-Q26*Q126 -> -4473.9813 | R28: =-R26*R126 -> -4888.1525 | S28: =-S26*S126 -> -5330.717 | T28: =-T26*T126 -> -5803.651 | U28: =-U26*U126 -> -6309.0681 | AU28: Perpetual
B29: Discount Factor | D29: =1/(1+$D$9)^D4 -> 0.70949857 | V29: =V26+V27 -> 38811.717 | W29: =W26+W27 -> 42083.295 | X29: =X26+X27 -> 45580.104 | Y29: =Y26+Y27 -> 49317.816 | Z29: =Z26+Z27 -> 53313.193
B30: Present Value of TM | D30: =D23*D29 -> 172152.05 | F30: NOPAT | G30: =G26+G28 -> 0 | H30: =H26+H28 -> 0 | I30: =I26+I28 -> 0 | J30: =J26+J28 -> 14616 | K30: =K26+K28 -> 14078 | L30: =L26+L28 -> 21760 | M30: =M26+M28 -> 20863 | N30: =N26+N28 -> 20796 | ... U30: =U26+U28 -> 35751.386 | V30: =-V21 -> 0 | W30: =-W21 -> 0 | X30: =-X21 -> 0 | Y30: =-Y21 -> 0 | Z30: =-Z21 -> 0
F31: (+) D&A of Intangibles | G31: =-G21 -> 0 | H31: =-H21 -> 0 | I31: =-I21 -> 0 | J31: =-J21 -> 0 | K31: =-K21 -> 0 | L31: =-L21 -> 0 | M31: =-M21 -> 0 | N31: =-N21 -> 0 | ... U31: =-U21 -> 0 | V31: =-V22 -> 9155.2297 | W31: =-W22 -> 9118.6088 | X31: =-X22 -> 9082.1344 | Y31: =-Y22 -> 9045.8058 | Z31: =-Z22 -> 9009.6226
B32: Exit Multiple Method | F32: (+) D&A of Right-of-use Assets | G32: =-G22 -> 0 | H32: =-H22 -> 0 | I32: =-I22 -> 0 | J32: =-J22 -> 6223 | K32: =-K22 -> 6740 | L32: =-L22 -> 6899 | M32: =-M22 -> 7542 | N32: =-N22 -> 7854 | ... U32: =-U22 -> 9191.2981 | V32: =-V23 -> 3419.3159 | W32: =-W23 -> 3651.1455 | X32: =-X23 -> 3898.6932 | Y32: =-Y23 -> 4163.0246 | Z32: =-Z23 -> 4445.2777
B33: Terminal Metric | D33: EBITDA | F33: (+) D&A Fixed Assets | G33: =-G23 -> 0 | H33: =-H23 -> 0 | I33: =-I23 -> 0 | J33: =-J23 -> 1598 | K33: =-K23 -> 1719 | L33: =-L23 -> 1475 | M33: =-M23 -> 1498 | N33: =-N23 -> 1720 | ... U33: =-U23 -> 3202.1184
B34: Terminal EBITDA | D34: {=INDEX(Q18:Z18, 1, D4)} -> 54453.87 | V34: =V56 -> -3419.3159 | W34: =W56 -> -3651.1455 | X34: =X56 -> -3898.6932 | Y34: =Y56 -> -4163.0246 | Z34: =Z56 -> -4445.2777
F35: (-) Purchase of PP&E | G35: ='Statements Input'!E79 -> 0 | H35: ='Statements Input'!F79 -> 0 | I35: ='Statements Input'!G79 -> 0 | J35: ='Statements Input'!H79 -> -2648 | K35: ='Statements Input'!I79 -> -804 | L35: ='Statements Input'!J79 -> -2132 | M35: ='Statements Input'!K79 -> -3285 | N35: ='Statements Input'!L79 -> -2175 | ... P35: ='Statements Input'!N79 -> -2839 | Q35: =Q57 -> -2463.1442 | R35: =R57 -> -2630.127 | S35: =S57 -> -2808.4301 | T35: =T57 -> -2998.8207 | U35: =U57 -> -3202.1184 | V35: =-V142*U5 -> -20104.498 | W35: =-W142*V5 -> -21500.644 | X35: =-X142*W5 -> -22993.744 | Y35: =-Y142*X5 -> -24590.532 | Z35: =-Z142*Y5 -> -26298.208
B36: EV/EBITDA Multiple | F36: (-) Acquisition | G36: ='Statements Input'!E82 -> 0 | H36: ='Statements Input'!F82 -> 0 | I36: ='Statements Input'!G82 -> 0 | J36: ='Statements Input'!H82 -> -6162 | K36: ='Statements Input'!I82 -> -2661 | L36: ='Statements Input'!J82 -> -12238 | M36: ='Statements Input'!K82 -> -8655 | N36: ='Statements Input'!L82 -> -14466 | ... P36: ='Statements Input'!N82 -> -17670 | Q36: =-Q160 -> -14371.5 | R36: =-R160 -> -15369.521 | S36: =-S160 -> -16436.849 | T36: =-T160 -> -17578.296 | U36: =-U160 -> -18799.012 | V36: =V69 -> -9155.2297 | W36: =W69 -> -9118.6088 | X36: =X69 -> -9082.1344 | Y36: =Y69 -> -9045.8058 | Z36: =Z69 -> -9009.6226
B37: Upside | D37: 6.5 | F37: (-) Additions Right-of-use Assets | G37: =G70 -> 0 | H37: =H70 -> 0 | I37: =I70 -> 0 | J37: =J70 -> -6223 | K37: =K70 -> -6740 | L37: =L70 -> -6899 | M37: =M70 -> -7542 | N37: =N70 -> -7854 | ... U37: =U70 -> -9191.2981
B38: Base | D38: 6 | V38: =-V98 -> 25090.685 | W38: =-W98 -> 4032.2655 | X38: =-X98 -> 4301.4346 | Y38: =-Y98 -> 4588.5425 | Z38: =-Z98 -> 4894.7826
B39: Downside | D39: 6 | F39: (-) Net Change in Non-Cash Working Capital | G39: =-G99 -> 0 | H39: =-H99 -> 0 | I39: =-I99 -> 0 | J39: =-J99 -> 24444 | K39: =-K99 -> -1648 | L39: =-L99 -> 1434 | M39: =-M99 -> 10174 | N39: =-N99 -> -4989 | ... U39: =-U99 -> 1005.8284
V40: =IF(V42<=$D$4,V29+V32+V31+V30+V34+V35+V36-V38,0) -> 0 | W40: =IF(W42<=$D$4,W29+W32+W31+W30+W34+W35+W36-W38,0) -> 0 | X40: =IF(X42<=$D$4,X29+X32+X31+X30+X34+X35+X36-X38,0) -> 0 | Y40: =IF(Y42<=$D$4,Y29+Y32+Y31+Y30+Y34+Y35+Y36-Y38,0) -> 0 | Z40: =IF(Z42<=$D$4,Z29+Z32+Z31+Z30+Z34+Z35+Z36-Z38,0) -> 0
B41: Terminal Value | D41: =D34*(INDEX($D37:$D39, MATCH($D$6,$B37:$B39,0))) -> 326723.22 | F41: Free Cash Flow To Firm | G41: =G30+G33+G32+G31+G35+G36+G37-G39 -> 0 | H41: =H30+H33+H32+H31+H35+H36+H37-H39 -> 0 | I41: =I30+I33+I32+I31+I35+I36+I37-I39 -> 0 | J41: =J30+J33+J32+J31+J35+J36+J37-J39 -> -17040 | K41: =K30+K33+K32+K31+K35+K36+K37-K39 -> 13980 | L41: =L30+L33+L32+L31+L35+L36+L37-L39 -> 7431 | M41: =M30+M33+M32+M31+M35+M36+M37-M39 -> 247 | N41: =N30+N33+N32+N31+N35+N36+N37-N39 -> 10864 | ... P41: =P30+P33+P32+P31+P35+P36+P37-P39 -> 1009.94 | Q41: =IF(Q43<=$D$4,Q30+Q33+Q32+Q31+Q35+Q36+Q37-Q39,0) -> 12137.564 | R41: =IF(R43<=$D$4,R30+R33+R32+R31+R35+R36+R37-R39,0) -> 11296.441 | S41: =IF(S43<=$D$4,S30+S33+S32+S31+S35+S36+S37-S39,0) -> 12735.493 | T41: =IF(T43<=$D$4,T30+T33+T32+T31+T35+T36+T37-T39,0) -> 14285.335 | U41: =IF(U43<=$D$4,U30+U33+U32+U31+U35+U36+U37-U39,0) -> 15946.546
V42: 6 | W42: 7 | X42: 8 | Y42: 9 | Z42: 10
B43: Implied Growth Rate | D43: {=((D41*D9)-INDEX(Q40:Z40,1,D4))/(D41+D15)} -> 0.067743486 | F43: Period | Q43: 1 | R43: 2 | S43: 3 | T43: 4 | U43: 5
V44: =1/(1+$D$9)^V42 -> 0.6624328 | W44: =1/(1+$D$9)^W42 -> 0.61848922 | X44: =1/(1+$D$9)^X42 -> 0.57746071 | Y44: =1/(1+$D$9)^Y42 -> 0.53915389 | Z44: =1/(1+$D$9)^Z42 -> 0.50338822
B45: Discount Factor | D45: =1/(1+$D$9)^D4 -> 0.70949857 | F45: Discount Factor | Q45: =1/(1+$D$9)^Q43 -> 0.93366334 | R45: =1/(1+$D$9)^R43 -> 0.87172722 | S45: =1/(1+$D$9)^S43 -> 0.81389975 | T45: =1/(1+$D$9)^T43 -> 0.75990835 | U45: =1/(1+$D$9)^U43 -> 0.70949857
B46: Present Value of TV | D46: =D41*D45 -> 231809.66 | V46: =IF(V42<=$D$4,V40*V44,"-") -> - | W46: =IF(W42<=$D$4,W40*W44,"-") -> - | X46: =IF(X42<=$D$4,X40*X44,"-") -> - | Y46: =IF(Y42<=$D$4,Y40*Y44,"-") -> - | Z46: =IF(Z42<=$D$4,Z40*Z44,"-") -> -
F47: Present Value | Q47: =IF(Q43<=$D$4,Q41*Q45,"-") -> 11332.399 | R47: =IF(R43<=$D$4,R41*R45,"-") -> 9847.4155 | S47: =IF(S43<=$D$4,S41*S45,"-") -> 10365.415 | T47: =IF(T43<=$D$4,T41*T45,"-") -> 10855.545 | U47: =IF(U43<=$D$4,U41*U45,"-") -> 11314.051
B48: DFC Output | V48: =U49+1 -> 2031 | W48: =V48+1 -> 2032 | X48: =W48+1 -> 2033 | Y48: =X48+1 -> 2034 | Z48: =Y48+1 -> 2035
B49: (+) Sum of PV of FCFF | D49: =SUM(Q47:Z47) -> 53714.826 | F49: Fixed Assets Schedule | G49: ='Statements Input'!E11 -> 2016 | H49: ='Statements Input'!F11 -> 2017 | I49: ='Statements Input'!G11 -> 2018 | J49: ='Statements Input'!H11 -> 2019 | K49: ='Statements Input'!I11 -> 2020 | L49: ='Statements Input'!J11 -> 2021 | M49: ='Statements Input'!K11 -> 2022 | N49: ='Statements Input'!L11 -> 2023 | ... P49: ='Statements Input'!N11 -> 2025 | Q49: =P49+1 -> 2026 | R49: =Q49+1 -> 2027 | S49: =R49+1 -> 2028 | T49: =S49+1 -> 2029 | U49: =T49+1 -> 2030 | V49: =U60 -> 15577.749 | W49: =V59 -> 16633.92 | X49: =W59 -> 17761.7 | Y49: =X59 -> 18965.944 | Z49: =Y59 -> 20251.835
B50: (+) PV of Terminal Value | D50: =IF(D5="Exit",D46,D30) -> 231809.66 | F50: Beginning Property, Plan and Equipement | G50: ='Statements Input'!D100 -> 0 | H50: ='Statements Input'!E100 -> 0 | I50: ='Statements Input'!F100 -> 0 | J50: ='Statements Input'!G100 -> 0 | K50: ='Statements Input'!H100 -> 9621 | L50: ='Statements Input'!I100 -> 8640 | M50: ='Statements Input'!J100 -> 6101 | N50: ='Statements Input'!K100 -> 7863 | ... P50: ='Statements Input'!M100 -> 10607 | Q50: =P60 -> 11222 | R50: =Q60 -> 11982.768 | S50: =R60 -> 12795.11 | T50: =S60 -> 13662.524 | U50: =T60 -> 14588.741
B51: Implied Enterprise Value | D51: =SUM(D49:D50) -> 285524.48 | V51: =V49*V52 -> 4475.4873 | W51: =W49*W52 -> 4778.9254 | X51: =X49*X52 -> 5102.9365 | Y51: =Y49*Y52 -> 5448.9156 | Z51: =Z49*Z52 -> 5818.3521
B52: (+) Cash & Equivalent | D52: ='Statements Input'!N90 -> 13528 | F52: (+) Purchase of PP&E | G52: =-G35 -> 0 | H52: =-H35 -> 0 | I52: =-I35 -> 0 | J52: =-J35 -> 2648 | K52: =-K35 -> 804 | L52: =-L35 -> 2132 | M52: =-M35 -> 3285 | N52: =-N35 -> 2175 | ... P52: =-P35 -> 2839 | Q52: =Q50*Q53 -> 3223.9122 | R52: =R50*R53 -> 3442.4695 | S52: =S50*S53 -> 3675.8433 | T52: =T50*T53 -> 3925.0381 | U52: =U50*U53 -> 4191.1264 | V52: {=INDEX($Q$136:$Z$138, MATCH($D$6,$F$137:$F$139,0), (COLUMN()-COLUMN($Q$52)+1))} -> 0.2873 | W52: {=INDEX($Q$136:$Z$138, MATCH($D$6,$F$137:$F$139,0), (COLUMN()-COLUMN($Q$52)+1))} -> 0.2873 | X52: {=INDEX($Q$136:$Z$138, MATCH($D$6,$F$137:$F$139,0), (COLUMN()-COLUMN($Q$52)+1))} -> 0.2873 | Y52: {=INDEX($Q$136:$Z$138, MATCH($D$6,$F$137:$F$139,0), (COLUMN()-COLUMN($Q$52)+1))} -> 0.2873 | Z52: {=INDEX($Q$136:$Z$138, MATCH($D$6,$F$137:$F$139,0), (COLUMN()-COLUMN($Q$52)+1))} -> 0.2873
B53: (+) Short Term Investment | D53: ='Statements Input'!N91 -> 0 | F53: Purchase of PPE as % Beginning PP&E | Q53: {=INDEX($Q$136:$Z$138, MATCH($D$6,$F$137:$F$139,0), (COLUMN()-COLUMN($Q$52)+1))} -> 0.287285 | R53: {=INDEX($Q$136:$Z$138, MATCH($D$6,$F$137:$F$139,0), (COLUMN()-COLUMN($Q$52)+1))} -> 0.287285 | S53: {=INDEX($Q$136:$Z$138, MATCH($D$6,$F$137:$F$139,0), (COLUMN()-COLUMN($Q$52)+1))} -> 0.287285 | T53: {=INDEX($Q$136:$Z$138, MATCH($D$6,$F$137:$F$139,0), (COLUMN()-COLUMN($Q$52)+1))} -> 0.287285 | U53: {=INDEX($Q$136:$Z$138, MATCH($D$6,$F$137:$F$139,0), (COLUMN()-COLUMN($Q$52)+1))} -> 0.287285
B54: (-) Total Debt | D54: =D11 -> 79946 | V54: =V49+V51 -> 20053.236 | W54: =W49+W51 -> 21412.846 | X54: =X49+X51 -> 22864.637 | Y54: =Y49+Y51 -> 24414.859 | Z54: =Z49+Z51 -> 26070.187
B55: (-) Preferred Stock | F55: Gross Assets | G55: =G50+G52 -> 0 | H55: =H50+H52 -> 0 | I55: =I50+I52 -> 0 | J55: =J50+J52 -> 2648 | K55: =K50+K52 -> 10425 | L55: =L50+L52 -> 10772 | M55: =M50+M52 -> 9386 | N55: =N50+N52 -> 10038 | ... U55: =U50+U52 -> 18779.868
B56: (-) Noncontrolling Interest | V56: =-V57*V49 -> -3419.3159 | W56: =-W57*W49 -> -3651.1455 | X56: =-X57*X49 -> -3898.6932 | Y56: =-Y57*Y49 -> -4163.0246 | Z56: =-Z57*Z49 -> -4445.2777
B57: Implied Equity Value | D57: =D51+D52+D53-D54-D55-D56 -> 219106.48 | F57: (-) D&A of Fixed Assets | G57: =-G33 -> 0 | H57: =-H33 -> 0 | I57: =-I33 -> 0 | J57: =-J33 -> -1598 | K57: =-K33 -> -1719 | L57: =-L33 -> -1475 | M57: =-M33 -> -1498 | N57: =-N33 -> -1720 | ... P57: =-P33 -> -2224 | Q57: =-Q58*Q50 -> -2463.1442 | R57: =-R58*R50 -> -2630.127 | S57: =-S58*S50 -> -2808.4301 | T57: =-T58*T50 -> -2998.8207 | U57: =-U58*U50 -> -3202.1184 | V57: {=INDEX($Q$131:$Z$133, MATCH($D$6,$F$132:$F$134,0), (COLUMN()-COLUMN($Q$52)+1))} -> 0.2195 | W57: {=INDEX($Q$131:$Z$133, MATCH($D$6,$F$132:$F$134,0), (COLUMN()-COLUMN($Q$52)+1))} -> 0.2195 | X57: {=INDEX($Q$131:$Z$133, MATCH($D$6,$F$132:$F$134,0), (COLUMN()-COLUMN($Q$52)+1))} -> 0.2195 | Y57: {=INDEX($Q$131:$Z$133, MATCH($D$6,$F$132:$F$134,0), (COLUMN()-COLUMN($Q$52)+1))} -> 0.2195 | Z57: {=INDEX($Q$131:$Z$133, MATCH($D$6,$F$132:$F$134,0), (COLUMN()-COLUMN($Q$52)+1))} -> 0.2195
F58: D&A as % of Beginning of PP&E | Q58: {=INDEX($Q$131:$Z$133, MATCH($D$6,$F$132:$F$134,0), (COLUMN()-COLUMN($Q$52)+1))} -> 0.21949244 | R58: {=INDEX($Q$131:$Z$133, MATCH($D$6,$F$132:$F$134,0), (COLUMN()-COLUMN($Q$52)+1))} -> 0.21949244 | S58: {=INDEX($Q$131:$Z$133, MATCH($D$6,$F$132:$F$134,0), (COLUMN()-COLUMN($Q$52)+1))} -> 0.21949244 | T58: {=INDEX($Q$131:$Z$133, MATCH($D$6,$F$132:$F$134,0), (COLUMN()-COLUMN($Q$52)+1))} -> 0.21949244 | U58: {=INDEX($Q$131:$Z$133, MATCH($D$6,$F$132:$F$134,0), (COLUMN()-COLUMN($Q$52)+1))} -> 0.21949244
B59: Diluted | D59: ='Statements Input'!N54 -> 159270 | V59: =V54+V56 -> 16633.92 | W59: =W54+W56 -> 17761.7 | X59: =X54+X56 -> 18965.944 | Y59: =Y54+Y56 -> 20251.835 | Z59: =Z54+Z56 -> 21624.909
B60: Implied Share Price | D60: =D57/D59 -> 1.3756921 | F60: Net PP&E | G60: - | H60: =H55+H57 -> 0 | I60: =I55+I57 -> 0 | J60: =J55+J57 -> 1050 | K60: =K55+K57 -> 8706 | L60: =L55+L57 -> 9297 | M60: =M55+M57 -> 7888 | N60: =N55+N57 -> 8318 | O60: =O55+O57 -> 10256 | ... U60: =U55+U57 -> 15577.749
V61: =U62+1 -> 2031 | W61: =V61+1 -> 2032 | X61: =W61+1 -> 2033 | Y61: =X61+1 -> 2034 | Z61: =Y61+1 -> 2035
B62: Current Stock Price | D62: ='Statements Input'!C9 -> 0.89 | F62: Right-of-use Assets Schedule | G62: ='Statements Input'!E11 -> 2016 | H62: ='Statements Input'!F11 -> 2017 | I62: ='Statements Input'!G11 -> 2018 | J62: ='Statements Input'!H11 -> 2019 | K62: ='Statements Input'!I11 -> 2020 | L62: ='Statements Input'!J11 -> 2021 | M62: ='Statements Input'!K11 -> 2022 | N62: ='Statements Input'!L11 -> 2023 | ... P62: ='Statements Input'!N11 -> 2025 | Q62: =P62+1 -> 2026 | R62: =Q62+1 -> 2027 | S62: =R62+1 -> 2028 | T62: =S62+1 -> 2029 | U62: =T62+1 -> 2030 | V62: =U73 -> 39124.913 | W62: =V72 -> 38968.414 | X62: =W72 -> 38812.54 | Y62: =X72 -> 38657.29 | Z62: =Y72 -> 38502.661
B63: Premium (Discount) to current | D63: =(D60/D62)-1 -> 0.54572148 | F63: Beginning Right-of-use Assets | G63: ='Statements Input'!D102 -> 0 | H63: ='Statements Input'!E102 -> 0 | I63: ='Statements Input'!F102 -> 0 | J63: ='Statements Input'!G102 -> 0 | K63: ='Statements Input'!H102 -> 25885 | L63: ='Statements Input'!I102 -> 28584 | M63: ='Statements Input'!J102 -> 34718 | N63: ='Statements Input'!K102 -> 33938 | ... P63: ='Statements Input'!M102 -> 41077 | Q63: =P73 -> 39914 | R63: =Q73 -> 39754.92 | S63: =R73 -> 39596.473 | T63: =S73 -> 39438.659 | U63: =T73 -> 39281.473
V64: =V62*V65 -> 8998.7301 | W64: =W62*W65 -> 8962.7351 | X64: =X62*X65 -> 8926.8842 | Y64: =Y62*Y65 -> 8891.1767 | Z64: =Z62*Z65 -> 8855.612
B65: Margin of Safety | D65: 0.2 | F65: (+) Net additions of ROU | G65: ='Statements Input'!E152 -> 0 | H65: ='Statements Input'!F152 -> 0 | I65: ='Statements Input'!G152 -> 0 | J65: ='Statements Input'!H152 -> 4602 | K65: ='Statements Input'!I152 -> 8309 | L65: ='Statements Input'!J152 -> 10917 | M65: ='Statements Input'!K152 -> 2013 | N65: ='Statements Input'!L152 -> 5149 | ... P65: ='Statements Input'!N152 -> 8434 | Q65: =Q63*Q66 -> 9180.22 | R65: =R63*R66 -> 9143.6315 | S65: =S63*S66 -> 9107.1889 | T65: =T63*T66 -> 9070.8915 | U65: =U63*U66 -> 9034.7387 | V65: {=INDEX($Q$165:$Z$167, MATCH($D$6,$F$166:$F$168,0), (COLUMN()-COLUMN($Q$52)+1))} -> 0.23 | W65: {=INDEX($Q$165:$Z$167, MATCH($D$6,$F$166:$F$168,0), (COLUMN()-COLUMN($Q$52)+1))} -> 0.23 | X65: {=INDEX($Q$165:$Z$167, MATCH($D$6,$F$166:$F$168,0), (COLUMN()-COLUMN($Q$52)+1))} -> 0.23 | Y65: {=INDEX($Q$165:$Z$167, MATCH($D$6,$F$166:$F$168,0), (COLUMN()-COLUMN($Q$52)+1))} -> 0.23 | Z65: {=INDEX($Q$165:$Z$167, MATCH($D$6,$F$166:$F$168,0), (COLUMN()-COLUMN($Q$52)+1))} -> 0.23
F66: Net Adittions of Right-of-use Assets % Beginning ROU | Q66: {=INDEX($Q$165:$Z$167, MATCH($D$6,$F$166:$F$168,0), (COLUMN()-COLUMN($Q$52)+1))} -> 0.23 | R66: {=INDEX($Q$165:$Z$167, MATCH($D$6,$F$166:$F$168,0), (COLUMN()-COLUMN($Q$52)+1))} -> 0.23 | S66: {=INDEX($Q$165:$Z$167, MATCH($D$6,$F$166:$F$168,0), (COLUMN()-COLUMN($Q$52)+1))} -> 0.23 | T66: {=INDEX($Q$165:$Z$167, MATCH($D$6,$F$166:$F$168,0), (COLUMN()-COLUMN($Q$52)+1))} -> 0.23 | U66: {=INDEX($Q$165:$Z$167, MATCH($D$6,$F$166:$F$168,0), (COLUMN()-COLUMN($Q$52)+1))} -> 0.23
B67: Ideal Buy Price | D67: =D60*(1-D65) -> 1.1005537 | V67: =V62+V64 -> 48123.643 | W67: =W62+W64 -> 47931.149 | X67: =X62+X64 -> 47739.424 | Y67: =Y62+Y64 -> 47548.467 | Z67: =Z62+Z64 -> 47358.273
B68: Premium (Discount) to Current | D68: =(D67/D62)-1 -> 0.23657719 | F68: Gross ROU | G68: =G63+G65 -> 0 | H68: =H63+H65 -> 0 | I68: =I63+I65 -> 0 | J68: =J63+J65 -> 4602 | K68: =K63+K65 -> 34194 | L68: =L63+L65 -> 39501 | M68: =M63+M65 -> 36731 | N68: =N63+N65 -> 39087 | ... U68: =U63+U65 -> 48316.211
V69: =-V70*V62 -> -9155.2297 | W69: =-W70*W62 -> -9118.6088 | X69: =-X70*X62 -> -9082.1344 | Y69: =-Y70*Y62 -> -9045.8058 | Z69: =-Z70*Z62 -> -9009.6226
B70: DFC Valuation | D70: =IF(D67<D62, "Overvalued","Undervalued") -> Undervalued | F70: (-) Depreciation of ROU | G70: =G22 -> 0 | H70: =H22 -> 0 | I70: =I22 -> 0 | J70: =J22 -> -6223 | K70: =K22 -> -6740 | L70: =L22 -> -6899 | M70: =M22 -> -7542 | N70: =N22 -> -7854 | ... P70: =P22 -> -9597 | Q70: =-Q71*Q63 -> -9339.3003 | R70: =-R71*R63 -> -9302.0778 | S70: =-S71*S63 -> -9265.0037 | T70: =-T71*T63 -> -9228.0773 | U70: =-U71*U63 -> -9191.2981 | V70: {=INDEX($Q$170:$Z$172, MATCH($D$6,$F$171:$F$173,0), (COLUMN()-COLUMN($Q$52)+1))} -> 0.234 | W70: {=INDEX($Q$170:$Z$172, MATCH($D$6,$F$171:$F$173,0), (COLUMN()-COLUMN($Q$52)+1))} -> 0.234 | X70: {=INDEX($Q$170:$Z$172, MATCH($D$6,$F$171:$F$173,0), (COLUMN()-COLUMN($Q$52)+1))} -> 0.234 | Y70: {=INDEX($Q$170:$Z$172, MATCH($D$6,$F$171:$F$173,0), (COLUMN()-COLUMN($Q$52)+1))} -> 0.234 | Z70: {=INDEX($Q$170:$Z$172, MATCH($D$6,$F$171:$F$173,0), (COLUMN()-COLUMN($Q$52)+1))} -> 0.234
F71: D&A of ROU as % of Beginning Right-of-use Assets | Q71: {=INDEX($Q$170:$Z$172, MATCH($D$6,$F$171:$F$173,0), (COLUMN()-COLUMN($Q$52)+1))} -> 0.23398558 | R71: {=INDEX($Q$170:$Z$172, MATCH($D$6,$F$171:$F$173,0), (COLUMN()-COLUMN($Q$52)+1))} -> 0.23398558 | S71: {=INDEX($Q$170:$Z$172, MATCH($D$6,$F$171:$F$173,0), (COLUMN()-COLUMN($Q$52)+1))} -> 0.23398558 | T71: {=INDEX($Q$170:$Z$172, MATCH($D$6,$F$171:$F$173,0), (COLUMN()-COLUMN($Q$52)+1))} -> 0.23398558 | U71: {=INDEX($Q$170:$Z$172, MATCH($D$6,$F$171:$F$173,0), (COLUMN()-COLUMN($Q$52)+1))} -> 0.23398558
V72: =V67+V69 -> 38968.414 | W72: =W67+W69 -> 38812.54 | X72: =X67+X69 -> 38657.29 | Y72: =Y67+Y69 -> 38502.661 | Z72: =Z67+Z69 -> 38348.65
F73: Net Right-of-use Assets | G73: - | H73: =H68+H70 -> 0 | I73: =I68+I70 -> 0 | J73: =J68+J70 -> -1621 | K73: =K68+K70 -> 27454 | L73: =L68+L70 -> 32602 | M73: =M68+M70 -> 29189 | N73: =N68+N70 -> 31233 | O73: =O68+O70 -> 37879 | ... U73: =U68+U70 -> 39124.913
V74: =U75+1 -> 2031 | W74: =V74+1 -> 2032 | X74: =W74+1 -> 2033 | Y74: =X74+1 -> 2034 | Z74: =Y74+1 -> 2035
F75: Working Capital | G75: =$G$4 -> 2016 | H75: =$H$4 -> 2017 | I75: =$I$4 -> 2018 | J75: =$J$4 -> 2019 | K75: =$K$4 -> 2020 | L75: =$L$4 -> 2021 | M75: =$M$4 -> 2022 | N75: =$N$4 -> 2023 | O75: =$O$4 -> 2024 | P75: =$P$4 -> 2025 | Q75: =P75+1 -> 2026 | R75: =Q75+1 -> 2027 | S75: =R75+1 -> 2028 | T75: =S75+1 -> 2029 | U75: =T75+1 -> 2030
F76: Current Assets | V76: =V77*(V5/365) -> 85263.522 | W76: =W77*(W5/365) -> 91184.6 | X76: =X77*(X5/365) -> 97516.864 | Y76: =Y77*(Y5/365) -> 104288.87 | Z76: =Z77*(Z5/365) -> 111531.15
F77: Account Receivables | G77: ='Statements Input'!E92 -> 0 | H77: ='Statements Input'!F92 -> 0 | I77: ='Statements Input'!G92 -> 0 | J77: ='Statements Input'!H92 -> 52044 | K77: ='Statements Input'!I92 -> 51371 | L77: ='Statements Input'!J92 -> 58541 | M77: ='Statements Input'!K92 -> 59347 | N77: ='Statements Input'!L92 -> 53792 | ... P77: ='Statements Input'!N92 -> 58969 | Q77: =Q78*(Q5/365) -> 60528.695 | R77: =R78*(R5/365) -> 64281.752 | S77: =S78*(S5/365) -> 68264.165 | T77: =T78*(T5/365) -> 72489.691 | U77: =U78*(U5/365) -> 76972.889 | V77: {=INDEX($Q$177:$Z$179, MATCH($D$6,$F$178:$F$180,0), (COLUMN()-COLUMN($Q$52)+1))} -> 72.372682 | W77: {=INDEX($Q$177:$Z$179, MATCH($D$6,$F$178:$F$180,0), (COLUMN()-COLUMN($Q$52)+1))} -> 72.372682 | X77: {=INDEX($Q$177:$Z$179, MATCH($D$6,$F$178:$F$180,0), (COLUMN()-COLUMN($Q$52)+1))} -> 72.372682 | Y77: {=INDEX($Q$177:$Z$179, MATCH($D$6,$F$178:$F$180,0), (COLUMN()-COLUMN($Q$52)+1))} -> 72.372682 | Z77: {=INDEX($Q$177:$Z$179, MATCH($D$6,$F$178:$F$180,0), (COLUMN()-COLUMN($Q$52)+1))} -> 72.372682 | AQ77: Upside
F78: Account Receivable (Days Sales Outstanding) | Q78: {=INDEX($Q$177:$Z$179, MATCH($D$6,$F$178:$F$180,0), (COLUMN()-COLUMN($Q$52)+1))} -> 71.872682 | R78: {=INDEX($Q$177:$Z$179, MATCH($D$6,$F$178:$F$180,0), (COLUMN()-COLUMN($Q$52)+1))} -> 71.372682 | S78: {=INDEX($Q$177:$Z$179, MATCH($D$6,$F$178:$F$180,0), (COLUMN()-COLUMN($Q$52)+1))} -> 70.872682 | T78: {=INDEX($Q$177:$Z$179, MATCH($D$6,$F$178:$F$180,0), (COLUMN()-COLUMN($Q$52)+1))} -> 70.372682 | U78: {=INDEX($Q$177:$Z$179, MATCH($D$6,$F$178:$F$180,0), (COLUMN()-COLUMN($Q$52)+1))} -> 69.872682 | AQ78: Base
V79: =V80*(-V8/365) -> 30678.179 | W79: =W80*(-W8/365) -> 32808.609 | X79: =X80*(-X8/365) -> 35086.984 | Y79: =Y80*(-Y8/365) -> 37523.58 | Z79: =Z80*(-Z8/365) -> 40129.384 | AQ79: Downside
F80: Inventory | G80: ='Statements Input'!E93 -> 0 | H80: ='Statements Input'!F93 -> 0 | I80: ='Statements Input'!G93 -> 0 | J80: ='Statements Input'!H93 -> 15813 | K80: ='Statements Input'!I93 -> 15858 | L80: ='Statements Input'!J93 -> 21269 | M80: ='Statements Input'!K93 -> 22608 | N80: ='Statements Input'!L93 -> 17523 | ... P80: ='Statements Input'!N93 -> 22041 | Q80: =Q81*(-Q8/365) -> 20885.705 | R80: =R81*(-R8/365) -> 22224.421 | S80: =S81*(-S8/365) -> 23648.347 | T80: =T81*(-T8/365) -> 25162.863 | U80: =U81*(-U8/365) -> 26773.684 | V80: {=INDEX($Q$182:$Z$184, MATCH($D$6,$F$183:$F$185,0), (COLUMN()-COLUMN($Q$52)+1))} -> 42 | W80: {=INDEX($Q$182:$Z$184, MATCH($D$6,$F$183:$F$185,0), (COLUMN()-COLUMN($Q$52)+1))} -> 42 | X80: {=INDEX($Q$182:$Z$184, MATCH($D$6,$F$183:$F$185,0), (COLUMN()-COLUMN($Q$52)+1))} -> 42 | Y80: {=INDEX($Q$182:$Z$184, MATCH($D$6,$F$183:$F$185,0), (COLUMN()-COLUMN($Q$52)+1))} -> 42 | Z80: {=INDEX($Q$182:$Z$184, MATCH($D$6,$F$183:$F$185,0), (COLUMN()-COLUMN($Q$52)+1))} -> 42
F81: Inventory (Days Inventory Outstanding) | Q81: {=INDEX($Q$182:$Z$184, MATCH($D$6,$F$183:$F$185,0), (COLUMN()-COLUMN($Q$52)+1))} -> 40 | R81: {=INDEX($Q$182:$Z$184, MATCH($D$6,$F$183:$F$185,0), (COLUMN()-COLUMN($Q$52)+1))} -> 39.8 | S81: {=INDEX($Q$182:$Z$184, MATCH($D$6,$F$183:$F$185,0), (COLUMN()-COLUMN($Q$52)+1))} -> 39.6 | T81: {=INDEX($Q$182:$Z$184, MATCH($D$6,$F$183:$F$185,0), (COLUMN()-COLUMN($Q$52)+1))} -> 39.4 | U81: {=INDEX($Q$182:$Z$184, MATCH($D$6,$F$183:$F$185,0), (COLUMN()-COLUMN($Q$52)+1))} -> 39.2
V82: =V83*V5 -> 0 | W82: =W83*W5 -> 0 | X82: =X83*X5 -> 0 | Y82: =Y83*Y5 -> 0 | Z82: =Z83*Z5 -> 0
F83: Prepaid Expenses | G83: ='Statements Input'!E94 -> 0 | H83: ='Statements Input'!F94 -> 0 | I83: ='Statements Input'!G94 -> 0 | J83: ='Statements Input'!H94 -> 0 | K83: ='Statements Input'!I94 -> 0 | L83: ='Statements Input'!J94 -> 0 | M83: ='Statements Input'!K94 -> 0 | N83: ='Statements Input'!L94 -> 0 | ... P83: ='Statements Input'!N94 -> 0 | Q83: =Q84*Q5 -> 0 | R83: =R84*R5 -> 0 | S83: =S84*S5 -> 0 | T83: =T84*T5 -> 0 | U83: =U84*U5 -> 0 | V83: {=INDEX($Q$187:$Z$189, MATCH($D$6,$F$188:$F$190,0), (COLUMN()-COLUMN($Q$52)+1))} -> 0 | W83: {=INDEX($Q$187:$Z$189, MATCH($D$6,$F$188:$F$190,0), (COLUMN()-COLUMN($Q$52)+1))} -> 0 | X83: {=INDEX($Q$187:$Z$189, MATCH($D$6,$F$188:$F$190,0), (COLUMN()-COLUMN($Q$52)+1))} -> 0 | Y83: {=INDEX($Q$187:$Z$189, MATCH($D$6,$F$188:$F$190,0), (COLUMN()-COLUMN($Q$52)+1))} -> 0 | Z83: {=INDEX($Q$187:$Z$189, MATCH($D$6,$F$188:$F$190,0), (COLUMN()-COLUMN($Q$52)+1))} -> 0
F84: Prepaid Expenses as % Revenue | Q84: {=INDEX($Q$187:$Z$189, MATCH($D$6,$F$188:$F$190,0), (COLUMN()-COLUMN($Q$52)+1))} -> 0 | R84: {=INDEX($Q$187:$Z$189, MATCH($D$6,$F$188:$F$190,0), (COLUMN()-COLUMN($Q$52)+1))} -> 0 | S84: {=INDEX($Q$187:$Z$189, MATCH($D$6,$F$188:$F$190,0), (COLUMN()-COLUMN($Q$52)+1))} -> 0 | T84: {=INDEX($Q$187:$Z$189, MATCH($D$6,$F$188:$F$190,0), (COLUMN()-COLUMN($Q$52)+1))} -> 0 | U84: {=INDEX($Q$187:$Z$189, MATCH($D$6,$F$188:$F$190,0), (COLUMN()-COLUMN($Q$52)+1))} -> 0
V85: =V5*V86 -> 4300.1288 | W85: =W5*W86 -> 4598.7489 | X85: =X5*X86 -> 4918.1065 | Y85: =Y5*Y86 -> 5259.6416 | Z85: =Z5*Z86 -> 5624.8945
F86: Other Current Assets | G86: ='Statements Input'!E95 -> 0 | H86: ='Statements Input'!F95 -> 0 | I86: ='Statements Input'!G95 -> 0 | J86: ='Statements Input'!H95 -> 0 | K86: ='Statements Input'!I95 -> 0 | L86: ='Statements Input'!J95 -> 0 | M86: ='Statements Input'!K95 -> 675 | N86: ='Statements Input'!L95 -> 225 | ... P86: ='Statements Input'!N95 -> 2091 | Q86: =Q5*Q87 -> 3073.9042 | R86: =R5*R87 -> 3287.3697 | S86: =S5*S87 -> 3515.6593 | T86: =T5*T87 -> 3759.8023 | U86: =U5*U87 -> 4020.8997 | V86: {=INDEX($Q$192:$Z$194, MATCH($D$6,$F$193:$F$195,0), (COLUMN()-COLUMN($Q$52)+1))} -> 0.01 | W86: {=INDEX($Q$192:$Z$194, MATCH($D$6,$F$193:$F$195,0), (COLUMN()-COLUMN($Q$52)+1))} -> 0.01 | X86: {=INDEX($Q$192:$Z$194, MATCH($D$6,$F$193:$F$195,0), (COLUMN()-COLUMN($Q$52)+1))} -> 0.01 | Y86: {=INDEX($Q$192:$Z$194, MATCH($D$6,$F$193:$F$195,0), (COLUMN()-COLUMN($Q$52)+1))} -> 0.01 | Z86: {=INDEX($Q$192:$Z$194, MATCH($D$6,$F$193:$F$195,0), (COLUMN()-COLUMN($Q$52)+1))} -> 0.01
F87: Other Current Assets as % Revenue | Q87: {=INDEX($Q$192:$Z$194, MATCH($D$6,$F$193:$F$195,0), (COLUMN()-COLUMN($Q$52)+1))} -> 0.01 | R87: {=INDEX($Q$192:$Z$194, MATCH($D$6,$F$193:$F$195,0), (COLUMN()-COLUMN($Q$52)+1))} -> 0.01 | S87: {=INDEX($Q$192:$Z$194, MATCH($D$6,$F$193:$F$195,0), (COLUMN()-COLUMN($Q$52)+1))} -> 0.01 | T87: {=INDEX($Q$192:$Z$194, MATCH($D$6,$F$193:$F$195,0), (COLUMN()-COLUMN($Q$52)+1))} -> 0.01 | U87: {=INDEX($Q$192:$Z$194, MATCH($D$6,$F$193:$F$195,0), (COLUMN()-COLUMN($Q$52)+1))} -> 0.01
F89: Current Liabilities | V89: =V90*(-V8/365) -> 57937.633 | W89: =W90*(-W8/365) -> 62117.312 | X89: =X90*(-X8/365) -> 66598.095 | Y89: =Y90*(-Y8/365) -> 71401.646 | Z89: =Z90*(-Z8/365) -> 76551.186
F90: Account Payables | G90: ='Statements Input'!E114 -> 0 | H90: ='Statements Input'!F114 -> 0 | I90: ='Statements Input'!G114 -> 0 | J90: ='Statements Input'!H114 -> 36199 | K90: ='Statements Input'!I114 -> 35622 | L90: ='Statements Input'!J114 -> 42147 | M90: ='Statements Input'!K114 -> 36290 | N90: ='Statements Input'!L114 -> 30323 | ... P90: ='Statements Input'!N114 -> 41817 | Q90: =Q91*(-Q8/365) -> 41311.71 | R90: =R91*(-R8/365) -> 44738.982 | S90: =S91*(-S8/365) -> 48443.036 | T90: =T91*(-T8/365) -> 52445.787 | U90: =U91*(-U8/365) -> 56770.857 | V90: {=INDEX($Q$198:$Z$200, MATCH($D$6,$F$199:$F$201,0), (COLUMN()-COLUMN($Q$52)+1))} -> 79.31959 | W90: {=INDEX($Q$198:$Z$200, MATCH($D$6,$F$199:$F$201,0), (COLUMN()-COLUMN($Q$52)+1))} -> 79.51959 | X90: {=INDEX($Q$198:$Z$200, MATCH($D$6,$F$199:$F$201,0), (COLUMN()-COLUMN($Q$52)+1))} -> 79.71959 | Y90: {=INDEX($Q$198:$Z$200, MATCH($D$6,$F$199:$F$201,0), (COLUMN()-COLUMN($Q$52)+1))} -> 79.91959 | Z90: {=INDEX($Q$198:$Z$200, MATCH($D$6,$F$199:$F$201,0), (COLUMN()-COLUMN($Q$52)+1))} -> 80.11959
F91: Account Payables (Days Sales Outstanding) | Q91: {=INDEX($Q$198:$Z$200, MATCH($D$6,$F$199:$F$201,0), (COLUMN()-COLUMN($Q$52)+1))} -> 79.11959 | R91: {=INDEX($Q$198:$Z$200, MATCH($D$6,$F$199:$F$201,0), (COLUMN()-COLUMN($Q$52)+1))} -> 80.11959 | S91: {=INDEX($Q$198:$Z$200, MATCH($D$6,$F$199:$F$201,0), (COLUMN()-COLUMN($Q$52)+1))} -> 81.11959 | T91: {=INDEX($Q$198:$Z$200, MATCH($D$6,$F$199:$F$201,0), (COLUMN()-COLUMN($Q$52)+1))} -> 82.11959 | U91: {=INDEX($Q$198:$Z$200, MATCH($D$6,$F$199:$F$201,0), (COLUMN()-COLUMN($Q$52)+1))} -> 83.11959
V92: =V93*V5 -> 0 | W92: =W93*W5 -> 0 | X92: =X93*X5 -> 0 | Y92: =Y93*Y5 -> 0 | Z92: =Z93*Z5 -> 0
F93: Accrued Expenses | G93: ='Statements Input'!E115 -> 0 | H93: ='Statements Input'!F115 -> 0 | I93: ='Statements Input'!G115 -> 0 | J93: ='Statements Input'!H115 -> 6554 | K93: ='Statements Input'!I115 -> 6977 | L93: ='Statements Input'!J115 -> 11703 | M93: ='Statements Input'!K115 -> 10167 | N93: ='Statements Input'!L115 -> 11401 | ... P93: ='Statements Input'!N115 -> 7977 | Q93: =Q94*Q5 -> 10628.68 | R93: =R94*R5 -> 11374.299 | S93: =S94*S5 -> 12164.181 | T93: =T94*T5 -> 13008.916 | U93: =U94*U5 -> 13912.313 | V93: {=INDEX($Q$203:$Z$205, MATCH($D$6,$F$204:$F$206,0), (COLUMN()-COLUMN($Q$52)+1))} -> 0 | W93: {=INDEX($Q$203:$Z$205, MATCH($D$6,$F$204:$F$206,0), (COLUMN()-COLUMN($Q$52)+1))} -> 0 | X93: {=INDEX($Q$203:$Z$205, MATCH($D$6,$F$204:$F$206,0), (COLUMN()-COLUMN($Q$52)+1))} -> 0 | Y93: {=INDEX($Q$203:$Z$205, MATCH($D$6,$F$204:$F$206,0), (COLUMN()-COLUMN($Q$52)+1))} -> 0 | Z93: {=INDEX($Q$203:$Z$205, MATCH($D$6,$F$204:$F$206,0), (COLUMN()-COLUMN($Q$52)+1))} -> 0
F94: Accrued Expenses as % Revenue | Q94: {=INDEX($Q$203:$Z$205, MATCH($D$6,$F$204:$F$206,0), (COLUMN()-COLUMN($Q$52)+1))} -> 0.034577135 | R94: {=INDEX($Q$203:$Z$205, MATCH($D$6,$F$204:$F$206,0), (COLUMN()-COLUMN($Q$52)+1))} -> 0.0346 | S94: {=INDEX($Q$203:$Z$205, MATCH($D$6,$F$204:$F$206,0), (COLUMN()-COLUMN($Q$52)+1))} -> 0.0346 | T94: {=INDEX($Q$203:$Z$205, MATCH($D$6,$F$204:$F$206,0), (COLUMN()-COLUMN($Q$52)+1))} -> 0.0346 | U94: {=INDEX($Q$203:$Z$205, MATCH($D$6,$F$204:$F$206,0), (COLUMN()-COLUMN($Q$52)+1))} -> 0.0346
V95: =V96*V5 -> 1989.8406 | W95: =W96*W5 -> 2128.0239 | X95: =X96*X5 -> 2275.8034 | Y95: =Y96*Y5 -> 2433.8453 | Z95: =Z96*Z5 -> 2602.8623
F96: Provisions | G96: ='Statements Input'!E116 -> 0 | H96: ='Statements Input'!F116 -> 0 | I96: ='Statements Input'!G116 -> 0 | J96: ='Statements Input'!H116 -> 660 | K96: ='Statements Input'!I116 -> 1834 | L96: ='Statements Input'!J116 -> 1730 | M96: ='Statements Input'!K116 -> 1769 | N96: ='Statements Input'!L116 -> 401 | ... P96: ='Statements Input'!N116 -> 1025 | Q96: =Q97*Q5 -> 1422.4177 | R96: =R97*R5 -> 1521.1967 | S96: =S97*S5 -> 1626.8353 | T96: =T97*T5 -> 1739.81 | U96: =U97*U5 -> 1860.6301 | V96: {=INDEX($Q$208:$Z$210, MATCH($D$6,$F$209:$F$211,0), (COLUMN()-COLUMN($Q$52)+1))} -> 0.0046273976 | W96: {=INDEX($Q$208:$Z$210, MATCH($D$6,$F$209:$F$211,0), (COLUMN()-COLUMN($Q$52)+1))} -> 0.0046273976 | X96: {=INDEX($Q$208:$Z$210, MATCH($D$6,$F$209:$F$211,0), (COLUMN()-COLUMN($Q$52)+1))} -> 0.0046273976 | Y96: {=INDEX($Q$208:$Z$210, MATCH($D$6,$F$209:$F$211,0), (COLUMN()-COLUMN($Q$52)+1))} -> 0.0046273976 | Z96: {=INDEX($Q$208:$Z$210, MATCH($D$6,$F$209:$F$211,0), (COLUMN()-COLUMN($Q$52)+1))} -> 0.0046273976
F97: Provisions as % Revenue | Q97: {=INDEX($Q$208:$Z$210, MATCH($D$6,$F$209:$F$211,0), (COLUMN()-COLUMN($Q$52)+1))} -> 0.0046273976 | R97: {=INDEX($Q$208:$Z$210, MATCH($D$6,$F$209:$F$211,0), (COLUMN()-COLUMN($Q$52)+1))} -> 0.0046273976 | S97: {=INDEX($Q$208:$Z$210, MATCH($D$6,$F$209:$F$211,0), (COLUMN()-COLUMN($Q$52)+1))} -> 0.0046273976 | T97: {=INDEX($Q$208:$Z$210, MATCH($D$6,$F$209:$F$211,0), (COLUMN()-COLUMN($Q$52)+1))} -> 0.0046273976 | U97: {=INDEX($Q$208:$Z$210, MATCH($D$6,$F$209:$F$211,0), (COLUMN()-COLUMN($Q$52)+1))} -> 0.0046273976
V98: =U86-V85+U77-V76+U80-V79+U83-V82+V89-U90+V92-U93+V95-U96 -> -25090.685 | W98: =V85-W85+V76-W76+V79-W79+V82-W82+W89-V89+W92-V92+W95-V95 -> -4032.2655 | X98: =W85-X85+W76-X76+W79-X79+W82-X82+X89-W89+X92-W92+X95-W95 -> -4301.4346 | Y98: =X85-Y85+X76-Y76+X79-Y79+X82-Y82+Y89-X89+Y92-X92+Y95-X95 -> -4588.5425 | Z98: =Y85-Z85+Y76-Z76+Y79-Z79+Y82-Z82+Z89-Y89+Z92-Y92+Z95-Y95 -> -4894.7826
F99: Net Change in Working Capital | H99: =G86-H86+G77-H77+G80-H80+G83-H83+H90-G90+H93-G93+H96-G96 -> 0 | I99: =H86-I86+H77-I77+H80-I80+H83-I83+I90-H90+I93-H93+I96-H96 -> 0 | J99: =I86-J86+I77-J77+I80-J80+I83-J83+J90-I90+J93-I93+J96-I96 -> -24444 | K99: =J86-K86+J77-K77+J80-K80+J83-K83+K90-J90+K93-J93+K96-J96 -> 1648 | L99: =K86-L86+K77-L77+K80-L80+K83-L83+L90-K90+L93-K93+L96-K96 -> -1434 | M99: =L86-M86+L77-M77+L80-M80+L83-M83+M90-L90+M93-L93+M96-L96 -> -10174 | N99: =M86-N86+M77-N77+M80-N80+M83-N83+N90-M90+N93-M93+N96-M96 -> 4989 | O99: =N86-O86+N77-O77+N80-O80+N83-O83+O90-N90+O93-N93+O96-N96 -> -1665 | ... U99: =T86-U86+T77-U77+T80-U80+T83-U83+U90-T90+U93-T93+U96-T96 -> -1005.8284
V100: =U101+1 -> 2031 | W100: =V100+1 -> 2032 | X100: =W100+1 -> 2033 | Y100: =X100+1 -> 2034 | Z100: =Y100+1 -> 2035
F101: Income Statement Forecast | G101: ='Statements Input'!E11 -> 2016 | H101: ='Statements Input'!F11 -> 2017 | I101: ='Statements Input'!G11 -> 2018 | J101: ='Statements Input'!H11 -> 2019 | K101: ='Statements Input'!I11 -> 2020 | L101: ='Statements Input'!J11 -> 2021 | M101: ='Statements Input'!K11 -> 2022 | N101: ='Statements Input'!L11 -> 2023 | ... P101: ='Statements Input'!N11 -> 2025 | Q101: =P101+1 -> 2026 | R101: =Q101+1 -> 2027 | S101: =R101+1 -> 2028 | T101: =S101+1 -> 2029 | U101: =T101+1 -> 2030
F103: Revenue Growth | G103: - | H103: =IFERROR((H5/G5)-1,"-") -> - | I103: =IFERROR((I5/H5)-1,"-") -> - | J103: =IFERROR((J5/I5)-1,"-") -> - | K103: =IFERROR((K5/J5)-1,"-") -> 0.021234561 | L103: =IFERROR((L5/K5)-1,"-") -> 0.14970286 | M103: =IFERROR((M5/L5)-1,"-") -> 0.098183124 | N103: =IFERROR((N5/M5)-1,"-") -> -0.033457172 | O103: =IFERROR((O5/N5)-1,"-") -> -0.036930826 | P103: =IFERROR((P5/O5)-1,"-") -> 0.063189161 | V103: =$AE$102+V161 -> 0.069444444 | W103: =$AE$102+W161 -> 0.069444444 | X103: =$AE$102+X161 -> 0.069444444 | Y103: =$AE$102+Y161 -> 0.069444444 | Z103: =$AE$102+Z161 -> 0.069444444
F104: Upside | Q104: =$AE$102+Q162 -> 0.069444444 | R104: =$AE$102+R162 -> 0.069444444 | S104: =$AE$102+S162 -> 0.069444444 | T104: =$AE$102+T162 -> 0.069444444 | U104: =$AE$102+U162 -> 0.069444444 | V104: =V161+0% -> 0.069444444 | W104: =W161+0% -> 0.069444444 | X104: =X161+0% -> 0.069444444 | Y104: =Y161+0% -> 0.069444444 | Z104: =Z161+0% -> 0.069444444
F105: Base | Q105: =Q162+0% -> 0.069444444 | R105: =R162+0% -> 0.069444444 | S105: =S162+0% -> 0.069444444 | T105: =T162+0% -> 0.069444444 | U105: =U162+0% -> 0.069444444 | V105: =V104+1.75%+$AE$103 -> 0.086944444 | W105: =W104+2%+$AE$103 -> 0.089444444 | X105: =X104+2%+$AE$103 -> 0.089444444 | Y105: =Y104+2%+$AE$103 -> 0.089444444 | Z105: =Z104+2%+$AE$103 -> 0.089444444
F106: Downside | Q106: =Q105+$AE$103 -> 0.069444444 | R106: =R105+$AE$103 -> 0.069444444 | S106: =S105+$AE$103 -> 0.069444444 | T106: =T105+$AE$103 -> 0.069444444 | U106: =U105+$AE$103 -> 0.069444444
F108: Cost of Good Sold as % Revenue | G108: =IFERROR(-G8/G5,"-") -> - | H108: =IFERROR(-H8/H5,"-") -> - | I108: =IFERROR(-I8/I5,"-") -> - | J108: =IFERROR(-J8/J5,"-") -> 0.68039388 | K108: =IFERROR(-K8/K5,"-") -> 0.66723326 | L108: =IFERROR(-L8/L5,"-") -> 0.66170571 | M108: =IFERROR(-M8/M5,"-") -> 0.6623742 | N108: =IFERROR(-N8/N5,"-") -> 0.62352786 | ... P108: =IFERROR(-P8/P5,"-") -> 0.6197335 | V108: =U109-0.1% -> 0.6137335 | W108: =V108-0.1% -> 0.6127335 | X108: =W108-0.1% -> 0.6117335 | Y108: =X108-0.1% -> 0.6107335 | Z108: =Y108-0.1% -> 0.6097335
...

Sheet Risk
A1: Risk, Cost of Debt and Cost of Equity Calculator
BJ2: Nominal
B3: Risk Free Rate Calculator | G3: Equity Risk Premium | K3: Country Risk Premium | BJ3: Risk Free
B4: Bond Type | E4: Nominal | G4: Mature ERP | I4: 0.0448 | K4: Country | M4: Weight | N4: CRP | O4: Total | BJ4: Inflation
B5: Goverment Bond (10yr) yield | E5: 0.0462 | G5: CRP | I5: =O10 -> 0.0089 | K5: United Kingdom | M5: 1 | N5: 0.0089 | O5: =M5*N5 -> 0.0089
B6: Country Spread | E6: 0.0059 | G6: Equity Risk Premium | I6: =SUM(I4:I5) -> 0.0537
B7: Risk Free Rate | E7: =IF(E4="Risk Free",E5,IF(E4="Nominal",E5-E6,E5)) -> 0.0403
B10: Cost of Equtiy | G10: Cost of Capital | K10: Total | O10: =SUM(O5:O9) -> 0.0089
B11: Risk Free Rate | E11: =E7 -> 0.0403 | G11: Market Value of Equity | I11: ='Statements Input'!C9*'Statements Input'!N54 -> 141750.3
B12: Levered Beta | E12: ='Beta Calculation'!H5 -> 0.89016227 | G12: Market Value of Debt | I12: =E21 -> 80503.35
B13: Equity Risk Premium | E13: =I6 -> 0.0537 | G13: Debt to Equity Ratio | I13: =I12/(I11+I12) -> 0.36221385
B14: Total | E14: =E11+(E12*E13) -> 0.088101714 | G14: Equity Ratio | I14: =1-I13 -> 0.63778615
G15: Cost of Debt | I15: =E18 -> 0.041025
G16: Cost of Equity | I16: =E14 -> 0.088101714
B17: Cost of Debt | G17: Cost of Capital | I17: =I15*I13+I16*I14 -> 0.071049876
B18: After Tax Cost of Debt | E18: =H28 -> 0.041025
B19: Average Maturity | E19: 1
B20: Book Value of Debt | E20: ='Statements Input'!N122+'Statements Input'!N120+'Statements Input'!N121+'Statements Input'!N127+'Statements Input'!N128 -> 79946
B21: Market Value of Debt | E21: =(D25*((1-(1/((1+E18)^E19)))/E18))+(E20/((1+E18)^E19)) -> 80503.35
B23: Synthetic Ratio
B24: Operating Income | D24: ='Statements Input'!N26 -> 24656.94 | F24: Interest Coverage Ratio | H24: =IF(D25>0,D24/D25,100000) -> 6.3878083
B25: Interest Expense | D25: =-'Statements Input'!N31 -> 3860 | F25: Estimated Bond Rating | H25: =IF(C27="Large firm (> 5bn)",VLOOKUP(H24,$B32:$E46,3),(IF(C27="Financial service firm",VLOOKUP(H24,$G32:$J46,3),VLOOKUP(H24,$B51:$E65,3)))) -> A2/A
B26: Government Bond | D26: =E5 -> 0.0462 | F26: Estimated Default Spread | H26: =IF(C27="Large firm (> 5bn)",VLOOKUP(H24,$B32:$E46,4),(IF(C27="Financial service firm",VLOOKUP(H24,$G32:$J46,4),VLOOKUP(H24,$B51:$E65,4)))) -> 0.0085
B27: Firm Type | C27: Smaller or rieskier firm (<5bn) | F27: Estimated Cost of Debt | H27: =H26+D26 -> 0.0547
F28: Estimated Cost of Debt after Tax | H28: =H27*(1-'Statements Input'!C8) -> 0.041025
B30: For large non-financial services | G30: For financial services
B31: > | C31: ≤ to | D31: Rating is | E31: Spread is | G31: > | H31: ≤ to | I31: Rating is | J31: Spread is
B32: -100000 | C32: 0.199999 | D32: D2/D | E32: 0.19 | G32: -100000 | H32: 0.049999 | I32: D2/D | J32: 0.19
B33: 0.2 | C33: 0.649999 | D33: C2/C | E33: 0.155 | G33: 0.05 | H33: 0.099999 | I33: C2/C | J33: 0.155
B34: 0.65 | C34: 0.799999 | D34: Ca2/CC | E34: 0.101 | G34: 0.1 | H34: 0.199999 | I34: Ca2/CC | J34: 0.101
B35: 0.8 | C35: 1.249999 | D35: Caa/CCC | E35: 0.0728 | G35: 0.2 | H35: 0.299999 | I35: Caa/CCC | J35: 0.0728
B36: 1.25 | C36: 1.499999 | D36: B3/B- | E36: 0.0442 | G36: 0.3 | H36: 0.399999 | I36: B3/B- | J36: 0.0442
B37: 1.5 | C37: 1.749999 | D37: B2/B | E37: 0.03 | G37: 0.4 | H37: 0.499999 | I37: B2/B | J37: 0.03
B38: 1.75 | C38: 1.999999 | D38: B1/B+ | E38: 0.0261 | G38: 0.5 | H38: 0.599999 | I38: B1/B+ | J38: 0.0261
B39: 2 | C39: 2.2499999 | D39: Ba2/BB | E39: 0.0183 | G39: 0.6 | H39: 0.749999 | I39: Ba2/BB | J39: 0.0183
B40: 2.25 | C40: 2.49999 | D40: Ba1/BB+ | E40: 0.0155 | G40: 0.75 | H40: 0.899999 | I40: Ba1/BB+ | J40: 0.0155
B41: 2.5 | C41: 2.999999 | D41: Baa2/BBB | E41: 0.012 | G41: 0.9 | H41: 1.199999 | I41: Baa2/BBB | J41: 0.012
B42: 3 | C42: 4.249999 | D42: A3/A- | E42: 0.0095 | G42: 1.2 | H42: 1.49999 | I42: A3/A- | J42: 0.0095
B43: 4.25 | C43: 5.499999 | D43: A2/A | E43: 0.0085 | G43: 1.5 | H43: 1.99999 | I43: A2/A | J43: 0.0085
... B46: 8.5 | C46: 100000 | D46: Aaa/AAA | E46: 0.0045 | G46: 3 | H46: 100000 | I46: Aaa/AAA | J46: 0.0045
B49: For smaller firms
B50: > | C50: ≤ to | D50: Rating is | E50: Spread is
B51: -100000 | C51: 0.499999 | D51: D2/D | E51: 0.19
B52: 0.5 | C52: 0.799999 | D52: C2/C | E52: 0.155
B53: 0.8 | C53: 1.249999 | D53: Ca2/CC | E53: 0.101
B54: 1.25 | C54: 1.499999 | D54: Caa/CCC | E54: 0.0728
B55: 1.5 | C55: 1.999999 | D55: B3/B- | E55: 0.0442
B56: 2 | C56: 2.499999 | D56: B2/B | E56: 0.03
B57: 2.5 | C57: 2.999999 | D57: B1/B+ | E57: 0.0261
B58: 3 | C58: 3.499999 | D58: Ba2/BB | E58: 0.0183
B59: 3.5 | C59: 3.9999999 | D59: Ba1/BB+ | E59: 0.0155
B60: 4 | C60: 4.499999 | D60: Baa2/BBB | E60: 0.012
B61: 4.5 | C61: 5.999999 | D61: A3/A- | E61: 0.0095
B62: 6 | C62: 7.499999 | D62: A2/A | E62: 0.0085
... B65: 12.5 | C65: 100000 | D65: Aaa/AAA | E65: 0.0045
B68: Theses tables are updated from Jul 2025 - If you want to update the spreads, please visit http://www.bondsonline.com

Sheet Beta Calculation
A1: Beta calculation
B3: Input | F3: Sector
B4: Number of Period Data | D4: 60 | F4: Average unlevered beta | H4: 0.7
B5: Marginal Tax Rate | D5: ='Statements Input'!C8 -> 0.25 | F5: Relevered beta | H5: =IFERROR(H4*(1+(1-D5)*D6), "-") -> 0.89016227
B6: Debt to Equity Ratio | D6: =Risk!I13 -> 0.36221385
B7: Levered Beta | D7: =D8*(1+(1-D5)*D6) -> -0.074051011
B8: Unlevered Beta | D8: =SUM(M14:M72)/SUM(L14:L72) -> -0.058231751
B9: Std Stock | D9: =STDEV(I61:I72)*SQRT(12) -> 0.23714367
B10: Adjusted Beta (Beta Drifting) | D10: =0.66*D7+1*0.33 -> 0.28112633
B12: Month | C12: Time period | D12: Index | E12: Price(Stock) | F12: DPS(Stock) | G12: Split Factor | H12: Index Level | I12: Return(Stock) | J12: Return(Mkt) | K12: (R(jt)-Rj)^2 | L12: (R(mt)-R(m))^2 | M12: (R(jt)-R(j))
B13: =DATE(YEAR(TODAY())-5,MONTH(TODAY()),1) -> 44105 | C13: 1 | D13: =IF(C13>$D4,0,1) -> 1 | E13: {=INDEX(_xlfn.STOCKHISTORY('Statements Input'!$C$3,'Beta Calculation'!B13,,2,,1),2)} -> 81.9 | G13: 1 | H13: 6956.9 | M13: (R(mt)-R(m))
B14: =EDATE(B13,1) -> 44136 | C14: 2 | D14: =IF(C14>$D4,0,1) -> 1 | E14: {=INDEX(_xlfn.STOCKHISTORY('Statements Input'!$C$3,'Beta Calculation'!B14,,2,,1),2)} -> 84.6 | G14: 1 | H14: 6730.7 | I14: =((E14*G14-E13+F14*G14)/E13)*D14 -> 0.032967033 | J14: =((H14-H13)/H13)*D14 -> -0.032514482 | K14: =(I14-AVERAGE(I14:I72))^2*D14 -> 0.00081856498 | L14: =(J14-AVERAGE(J14:J72))^2*D14 -> 0.0020950535 | M14: =(I14-AVERAGE(I14:I72))*(J14-AVERAGE(J14:J72))*D14 -> -0.0013095562
B15: =EDATE(B14,1) -> 44166 | C15: =C14+1 -> 3 | D15: =IF(C15>$D4,0,1) -> 1 | E15: {=INDEX(_xlfn.STOCKHISTORY('Statements Input'!$C$3,'Beta Calculation'!B15,,2,,1),2)} -> 87.5 | G15: 1 | H15: 6585.6 | I15: =((E15*G15-E14+F15*G15)/E14)*D15 -> 0.03427896 | J15: =((H15-H14)/H14)*D15 -> -0.021557936 | K15: =(I15-AVERAGE(I14:I72))^2*D15 -> 0.00089535609 | L15: =(J15-AVERAGE(J14:J72))^2*D15 -> 0.0012120987 | M15: =(I15-AVERAGE(I14:I72))*(J15-AVERAGE(J14:J72))*D15 -> -0.0010417581
B16: =EDATE(B15,1) -> 44197 | C16: =C15+1 -> 4 | D16: =IF(C16>$D4,0,1) -> 1 | E16: {=INDEX(_xlfn.STOCKHISTORY('Statements Input'!$C$3,'Beta Calculation'!B16,,2,,1),2)} -> 90.4 | G16: 1 | H16: 8140.8 | I16: =((E16*G16-E15+F16*G16)/E15)*D16 -> 0.033142857 | J16: =((H16-H15)/H15)*D16 -> 0.2361516 | K16: =(I16-AVERAGE(I14:I72))^2*D16 -> 0.00082865675 | L16: =(J16-AVERAGE(J14:J72))^2*D16 -> 0.049681883 | M16: =(I16-AVERAGE(I14:I72))*(J16-AVERAGE(J14:J72))*D16 -> 0.0064163251
B17: =EDATE(B16,1) -> 44228 | C17: =C16+1 -> 5 | D17: =IF(C17>$D4,0,1) -> 1 | E17: {=INDEX(_xlfn.STOCKHISTORY('Statements Input'!$C$3,'Beta Calculation'!B17,,2,,1),2)} -> 91.8 | G17: 1 | H17: 8099.2 | I17: =((E17*G17-E16+F17*G17)/E16)*D17 -> 0.015486726 | J17: =((H17-H16)/H16)*D17 -> -0.0051100629 | K17: =(I17-AVERAGE(I14:I72))^2*D17 -> 0.00012388285 | L17: =(J17-AVERAGE(J14:J72))^2*D17 -> 0.00033735899 | M17: =(I17-AVERAGE(I14:I72))*(J17-AVERAGE(J14:J72))*D17 -> -0.00020443335
B18: =EDATE(B17,1) -> 44256 | C18: =C17+1 -> 6 | D18: =IF(C18>$D4,0,1) -> 1 | E18: {=INDEX(_xlfn.STOCKHISTORY('Statements Input'!$C$3,'Beta Calculation'!B18,,2,,1),2)} -> 102.5 | G18: 1 | H18: 7798.2 | I18: =((E18*G18-E17+F18*G18)/E17)*D18 -> 0.11655773 | J18: =((H18-H17)/H17)*D18 -> -0.037164164 | K18: =(I18-AVERAGE(I14:I72))^2*D18 -> 0.012589126 | L18: =(J18-AVERAGE(J14:J72))^2*D18 -> 0.0025423212 | M18: =(I18-AVERAGE(I14:I72))*(J18-AVERAGE(J14:J72))*D18 -> -0.0056573495
B19: =EDATE(B18,1) -> 44287 | C19: =C18+1 -> 7 | D19: =IF(C19>$D4,0,1) -> 1 | E19: {=INDEX(_xlfn.STOCKHISTORY('Statements Input'!$C$3,'Beta Calculation'!B19,,2,,1),2)} -> 116 | G19: 1 | H19: 8378.1 | I19: =((E19*G19-E18+F19*G19)/E18)*D19 -> 0.13170732 | J19: =((H19-H18)/H18)*D19 -> 0.074363315 | K19: =(I19-AVERAGE(I14:I72))^2*D19 -> 0.016218241 | L19: =(J19-AVERAGE(J14:J72))^2*D19 -> 0.0037339485 | M19: =(I19-AVERAGE(I14:I72))*(J19-AVERAGE(J14:J72))*D19 -> 0.007781907
B20: =EDATE(B19,1) -> 44317 | C20: =C19+1 -> 8 | D20: =IF(C20>$D4,0,1) -> 1 | E20: {=INDEX(_xlfn.STOCKHISTORY('Statements Input'!$C$3,'Beta Calculation'!B20,,2,,1),2)} -> 117.5 | G20: 1 | H20: 8577.6 | I20: =((E20*G20-E19+F20*G20)/E19)*D20 -> 0.012931034 | J20: =((H20-H19)/H19)*D20 -> 0.023812081 | K20: =(I20-AVERAGE(I14:I72))^2*D20 -> 7.3523355e-05 | L20: =(J20-AVERAGE(J14:J72))^2*D20 -> 0.00011140401 | M20: =(I20-AVERAGE(I14:I72))*(J20-AVERAGE(J14:J72))*D20 -> 9.0503018e-05
B21: =EDATE(B20,1) -> 44348 | C21: =C20+1 -> 9 | D21: =IF(C21>$D4,0,1) -> 1 | E21: {=INDEX(_xlfn.STOCKHISTORY('Statements Input'!$C$3,'Beta Calculation'!B21,,2,,1),2)} -> 116 | G21: 1 | H21: 8893.7 | I21: =((E21*G21-E20+F21*G21)/E20)*D21 -> -0.012765957 | J21: =((H21-H20)/H20)*D21 -> 0.0368518 | K21: =(I21-AVERAGE(I14:I72))^2*D21 -> 0.00029317712 | L21: =(J21-AVERAGE(J14:J72))^2*D21 -> 0.00055670176 | M21: =(I21-AVERAGE(I14:I72))*(J21-AVERAGE(J14:J72))*D21 -> -0.00040399532
B22: =EDATE(B21,1) -> 44378 | C22: =C21+1 -> 10 | D22: =IF(C22>$D4,0,1) -> 1 | E22: {=INDEX(_xlfn.STOCKHISTORY('Statements Input'!$C$3,'Beta Calculation'!B22,,2,,1),2)} -> 112 | G22: 1 | H22: 9189.7 | I22: =((E22*G22-E21+F22*G22)/E21)*D22 -> -0.034482759 | J22: =((H22-H21)/H21)*D22 -> 0.033281986 | K22: =(I22-AVERAGE(I14:I72))^2*D22 -> 0.0015084848 | L22: =(J22-AVERAGE(J14:J72))^2*D22 -> 0.00040098918 | M22: =(I22-AVERAGE(I14:I72))*(J22-AVERAGE(J14:J72))*D22 -> -0.00077774422
B23: =EDATE(B22,1) -> 44409 | C23: =C22+1 -> 11 | D23: =IF(C23>$D4,0,1) -> 1 | E23: {=INDEX(_xlfn.STOCKHISTORY('Statements Input'!$C$3,'Beta Calculation'!B23,,2,,1),2)} -> 139.5 | G23: 1 | H23: 8932.3 | I23: =((E23*G23-E22+F23*G23)/E22)*D23 -> 0.24553571 | J23: =((H23-H22)/H22)*D23 -> -0.028009619 | K23: =(I23-AVERAGE(I14:I72))^2*D23 -> 0.058167433 | L23: =(J23-AVERAGE(J14:J72))^2*D23 -> 0.0017029563 | M23: =(I23-AVERAGE(I14:I72))*(J23-AVERAGE(J14:J72))*D23 -> -0.0099527182
B24: =EDATE(B23,1) -> 44440 | C24: =C23+1 -> 12 | D24: =IF(C24>$D4,0,1) -> 1 | E24: {=INDEX(_xlfn.STOCKHISTORY('Statements Input'!$C$3,'Beta Calculation'!B24,,2,,1),2)} -> 137.5 | G24: 1 | H24: 8758.7 | I24: =((E24*G24-E23+F24*G24)/E23)*D24 -> -0.014336918 | J24: =((H24-H23)/H23)*D24 -> -0.019435084 | K24: =(I24-AVERAGE(I14:I72))^2*D24 -> 0.0003494423 | L24: =(J24-AVERAGE(J14:J72))^2*D24 -> 0.0010687901 | M24: =(I24-AVERAGE(I14:I72))*(J24-AVERAGE(J14:J72))*D24 -> 0.0006111305
B25: =EDATE(B24,1) -> 44470 | C25: =C24+1 -> 13 | D25: =IF(C25>$D4,0,1) -> 1 | E25: {=INDEX(_xlfn.STOCKHISTORY('Statements Input'!$C$3,'Beta Calculation'!B25,,2,,1),2)} -> 131.25 | G25: 1 | H25: 8991.5 | I25: =((E25*G25-E24+F25*G25)/E24)*D25 -> -0.045454545 | J25: =((H25-H24)/H24)*D25 -> 0.026579287 | K25: =(I25-AVERAGE(I14:I72))^2*D25 -> 0.0024811361 | L25: =(J25-AVERAGE(J14:J72))^2*D25 -> 0.00017747608 | M25: =(I25-AVERAGE(I14:I72))*(J25-AVERAGE(J14:J72))*D25 -> -0.00066358294
B26: =EDATE(B25,1) -> 44501 | C26: =C25+1 -> 14 | D26: =IF(C26>$D4,0,1) -> 1 | E26: {=INDEX(_xlfn.STOCKHISTORY('Statements Input'!$C$3,'Beta Calculation'!B26,,2,,1),2)} -> 133 | G26: 1 | H26: 8799.5 | I26: =((E26*G26-E25+F26*G26)/E25)*D26 -> 0.013333333 | J26: =((H26-H25)/H25)*D26 -> -0.021353501 | K26: =(I26-AVERAGE(I14:I72))^2*D26 -> 8.0584284e-05 | L26: =(J26-AVERAGE(J14:J72))^2*D26 -> 0.0011979056 | M26: =(I26-AVERAGE(I14:I72))*(J26-AVERAGE(J14:J72))*D26 -> -0.00031069658
B27: =EDATE(B26,1) -> 44531 | C27: =C26+1 -> 15 | D27: =IF(C27>$D4,0,1) -> 1 | E27: {=INDEX(_xlfn.STOCKHISTORY('Statements Input'!$C$3,'Beta Calculation'!B27,,2,,1),2)} -> 130 | G27: 1 | H27: 9182.6 | I27: =((E27*G27-E26+F27*G27)/E26)*D27 -> -0.022556391 | J27: =((H27-H26)/H26)*D27 -> 0.043536565 | K27: =(I27-AVERAGE(I14:I72))^2*D27 -> 0.00072430146 | L27: =(J27-AVERAGE(J14:J72))^2*D27 -> 0.00091683556 | M27: =(I27-AVERAGE(I14:I72))*(J27-AVERAGE(J14:J72))*D27 -> -0.00081490204
B28: =EDATE(B27,1) -> 44562 | C28: =C27+1 -> 16 | D28: =IF(C28>$D4,0,1) -> 1 | E28: {=INDEX(_xlfn.STOCKHISTORY('Statements Input'!$C$3,'Beta Calculation'!B28,,2,,1),2)} -> 126 | G28: 1 | H28: 8452.6 | I28: =((E28*G28-E27+F28*G28)/E27)*D28 -> -0.030769231 | J28: =((H28-H27)/H27)*D28 -> -0.079498181 | K28: =(I28-AVERAGE(I14:I72))^2*D28 -> 0.001233814 | L28: =(J28-AVERAGE(J14:J72))^2*D28 -> 0.0086035741 | M28: =(I28-AVERAGE(I14:I72))*(J28-AVERAGE(J14:J72))*D28 -> 0.0032580992
B29: =EDATE(B28,1) -> 44593 | C29: =C28+1 -> 17 | D29: =IF(C29>$D4,0,1) -> 1 | E29: {=INDEX(_xlfn.STOCKHISTORY('Statements Input'!$C$3,'Beta Calculation'!B29,,2,,1),2)} -> 130 | G29: 1 | H29: 8761.2 | I29: =((E29*G29-E28+F29*G29)/E28)*D29 -> 0.031746032 | J29: =((H29-H28)/H28)*D29 -> 0.036509476 | K29: =(I29-AVERAGE(I14:I72))^2*D29 -> 0.00075018873 | L29: =(J29-AVERAGE(J14:J72))^2*D29 -> 0.00054066501 | M29: =(I29-AVERAGE(I14:I72))*(J29-AVERAGE(J14:J72))*D29 -> 0.00063686796
B30: =EDATE(B29,1) -> 44621 | C30: =C29+1 -> 18 | D30: =IF(C30>$D4,0,1) -> 1 | E30: {=INDEX(_xlfn.STOCKHISTORY('Statements Input'!$C$3,'Beta Calculation'!B30,,2,,1),2)} -> 128.5 | G30: 1 | H30: 8726.7 | I30: =((E30*G30-E29+F30*G30)/E29)*D30 -> -0.011538462 | J30: =((H30-H29)/H29)*D30 -> -0.0039378167 | K30: =(I30-AVERAGE(I14:I72))^2*D30 -> 0.00025264848 | L30: =(J30-AVERAGE(J14:J72))^2*D30 -> 0.00029567107 | M30: =(I30-AVERAGE(I14:I72))*(J30-AVERAGE(J14:J72))*D30 -> 0.00027331456
B31: =EDATE(B30,1) -> 44652 | C31: =C30+1 -> 19 | D31: =IF(C31>$D4,0,1) -> 1 | E31: {=INDEX(_xlfn.STOCKHISTORY('Statements Input'!$C$3,'Beta Calculation'!B31,,2,,1),2)} -> 120 | G31: 1 | H31: 8188.2 | I31: =((E31*G31-E30+F31*G31)/E30)*D31 -> -0.06614786 | J31: =((H31-H30)/H30)*D31 -> -0.061707175 | K31: =(I31-AVERAGE(I14:I72))^2*D31 -> 0.0049708589 | L31: =(J31-AVERAGE(J14:J72))^2*D31 -> 0.0056196682 | M31: =(I31-AVERAGE(I14:I72))*(J31-AVERAGE(J14:J72))*D31 -> 0.0052853172
B32: =EDATE(B31,1) -> 44682 | C32: =C31+1 -> 20 | D32: =IF(C32>$D4,0,1) -> 1 | E32: {=INDEX(_xlfn.STOCKHISTORY('Statements Input'!$C$3,'Beta Calculation'!B32,,2,,1),2)} -> 122.5 | G32: 1 | H32: 8503.7 | I32: =((E32*G32-E31+F32*G32)/E31)*D32 -> 0.020833333 | J32: =((H32-H31)/H31)*D32 -> 0.038531057 | K32: =(I32-AVERAGE(I14:I72))^2*D32 -> 0.00027148741 | L32: =(J32-AVERAGE(J14:J72))^2*D32 -> 0.00063876421 | M32: =(I32-AVERAGE(I14:I72))*(J32-AVERAGE(J14:J72))*D32 -> 0.00041643299
B33: =EDATE(B32,1) -> 44713 | C33: =C32+1 -> 21 | D33: =IF(C33>$D4,0,1) -> 1 | E33: {=INDEX(_xlfn.STOCKHISTORY('Statements Input'!$C$3,'Beta Calculation'!B33,,2,,1),2)} -> 114.5 | G33: 1 | H33: 8436 | I33: =((E33*G33-E32+F33*G33)/E32)*D33 -> -0.065306122 | J33: =((H33-H32)/H32)*D33 -> -0.0079612404 | K33: =(I33-AVERAGE(I14:I72))^2*D33 -> 0.0048528752 | L33: =(J33-AVERAGE(J14:J72))^2*D33 -> 0.00045022527 | M33: =(I33-AVERAGE(I14:I72))*(J33-AVERAGE(J14:J72))*D33 -> 0.0014781363
B34: =EDATE(B33,1) -> 44743 | C34: =C33+1 -> 22 | D34: =IF(C34>$D4,0,1) -> 1 | E34: {=INDEX(_xlfn.STOCKHISTORY('Statements Input'!$C$3,'Beta Calculation'!B34,,2,,1),2)} -> 116 | G34: 1 | H34: 8747.2 | I34: =((E34*G34-E33+F34*G34)/E33)*D34 -> 0.013100437 | J34: =((H34-H33)/H33)*D34 -> 0.036889521 | K34: =(I34-AVERAGE(I14:I72))^2*D34 -> 7.6457157e-05 | L34: =(J34-AVERAGE(J14:J72))^2*D34 -> 0.0005584832 | M34: =(I34-AVERAGE(I14:I72))*(J34-AVERAGE(J14:J72))*D34 -> 0.00020663987
B35: =EDATE(B34,1) -> 44774 | C35: =C34+1 -> 23 | D35: =IF(C35>$D4,0,1) -> 1 | E35: {=INDEX(_xlfn.STOCKHISTORY('Statements Input'!$C$3,'Beta Calculation'!B35,,2,,1),2)} -> 106.25 | G35: 1 | H35: 8176.1 | I35: =((E35*G35-E34+F35*G35)/E34)*D35 -> -0.084051724 | J35: =((H35-H34)/H34)*D35 -> -0.065289464 | K35: =(I35-AVERAGE(I14:I72))^2*D35 -> 0.0078160067 | L35: =(J35-AVERAGE(J14:J72))^2*D35 -> 0.0061695897 | M35: =(I35-AVERAGE(I14:I72))*(J35-AVERAGE(J14:J72))*D35 -> 0.0069441742
B36: =EDATE(B35,1) -> 44805 | C36: =C35+1 -> 24 | D36: =IF(C36>$D4,0,1) -> 1 | E36: {=INDEX(_xlfn.STOCKHISTORY('Statements Input'!$C$3,'Beta Calculation'!B36,,2,,1),2)} -> 90 | G36: 1 | H36: 8085.1 | I36: =((E36*G36-E35+F36*G36)/E35)*D36 -> -0.15294118 | J36: =((H36-H35)/H35)*D36 -> -0.011130001 | K36: =(I36-AVERAGE(I14:I72))^2*D36 -> 0.024742546 | L36: =(J36-AVERAGE(J14:J72))^2*D36 -> 0.00059473907 | M36: =(I36-AVERAGE(I14:I72))*(J36-AVERAGE(J14:J72))*D36 -> 0.0038360603
B37: =EDATE(B36,1) -> 44835 | C37: =C36+1 -> 25 | D37: =IF(C37>$D4,0,1) -> 1 | E37: {=INDEX(_xlfn.STOCKHISTORY('Statements Input'!$C$3,'Beta Calculation'!B37,,2,,1),2)} -> 97 | G37: 1 | H37: 7806 | I37: =((E37*G37-E36+F37*G37)/E36)*D37 -> 0.077777778 | J37: =((H37-H36)/H36)*D37 -> -0.03452029 | K37: =(I37-AVERAGE(I14:I72))^2*D37 -> 0.0053906901 | L37: =(J37-AVERAGE(J14:J72))^2*D37 -> 0.0022826955 | M37: =(I37-AVERAGE(I14:I72))*(J37-AVERAGE(J14:J72))*D37 -> -0.0035078917
B38: =EDATE(B37,1) -> 44866 | C38: =C37+1 -> 26 | D38: =IF(C38>$D4,0,1) -> 1 | E38: {=INDEX(_xlfn.STOCKHISTORY('Statements Input'!$C$3,'Beta Calculation'!B38,,2,,1),2)} -> 105 | G38: 1 | H38: 7462 | I38: =((E38*G38-E37+F38*G38)/E37)*D38 -> 0.082474227 | J38: =((H38-H37)/H37)*D38 -> -0.044068665 | K38: =(I38-AVERAGE(I14:I72))^2*D38 -> 0.0061023857 | L38: =(J38-AVERAGE(J14:J72))^2*D38 -> 0.0032862631 | M38: =(I38-AVERAGE(I14:I72))*(J38-AVERAGE(J14:J72))*D38 -> -0.0044781743
B39: =EDATE(B38,1) -> 44896 | C39: =C38+1 -> 27 | D39: =IF(C39>$D4,0,1) -> 1 | E39: {=INDEX(_xlfn.STOCKHISTORY('Statements Input'!$C$3,'Beta Calculation'!B39,,2,,1),2)} -> 104 | G39: 1 | H39: 7999 | I39: =((E39*G39-E38+F39*G39)/E38)*D39 -> -0.0095238095 | J39: =((H39-H38)/H38)*D39 -> 0.071964621 | K39: =(I39-AVERAGE(I14:I72))^2*D39 -> 0.00019266184 | L39: =(J39-AVERAGE(J14:J72))^2*D39 -> 0.0034465528 | M39: =(I39-AVERAGE(I14:I72))*(J39-AVERAGE(J14:J72))*D39 -> -0.00081487373
B40: =EDATE(B39,1) -> 44927 | C40: =C39+1 -> 28 | D40: =IF(C40>$D4,0,1) -> 1 | E40: {=INDEX(_xlfn.STOCKHISTORY('Statements Input'!$C$3,'Beta Calculation'!B40,,2,,1),2)} -> 104 | G40: 1 | H40: 8407.9 | I40: =((E40*G40-E39+F40*G40)/E39)*D40 -> 0 | J40: =((H40-H39)/H39)*D40 -> 0.05111889 | K40: =(I40-AVERAGE(I14:I72))^2*D40 -> 1.897873e-05 | L40: =(J40-AVERAGE(J14:J72))^2*D40 -> 0.0014335021 | M40: =(I40-AVERAGE(I14:I72))*(J40-AVERAGE(J14:J72))*D40 -> -0.00016494256
B41: =EDATE(B40,1) -> 44958 | C41: =C40+1 -> 29 | D41: =IF(C41>$D4,0,1) -> 1 | E41: {=INDEX(_xlfn.STOCKHISTORY('Statements Input'!$C$3,'Beta Calculation'!B41,,2,,1),2)} -> 110 | G41: 1 | H41: 8369.7 | I41: =((E41*G41-E40+F41*G41)/E40)*D41 -> 0.057692308 | J41: =((H41-H40)/H40)*D41 -> -0.0045433461 | K41: =(I41-AVERAGE(I14:I72))^2*D41 -> 0.0028447128 | L41: =(J41-AVERAGE(J14:J72))^2*D41 -> 0.000316862 | M41: =(I41-AVERAGE(I14:I72))*(J41-AVERAGE(J14:J72))*D41 -> -0.00094941108
B42: =EDATE(B41,1) -> 44986 | C42: =C41+1 -> 30 | D42: =IF(C42>$D4,0,1) -> 1 | E42: {=INDEX(_xlfn.STOCKHISTORY('Statements Input'!$C$3,'Beta Calculation'!B42,,2,,1),2)} -> 107 | G42: 1 | H42: 9098.1 | I42: =((E42*G42-E41+F42*G42)/E41)*D42 -> -0.027272727 | J42: =((H42-H41)/H41)*D42 -> 0.087028209 | K42: =(I42-AVERAGE(I14:I72))^2*D42 -> 0.0010004054 | L42: =(J42-AVERAGE(J14:J72))^2*D42 -> 0.0054421511 | M42: =(I42-AVERAGE(I14:I72))*(J42-AVERAGE(J14:J72))*D42 -> -0.0023333147
B43: =EDATE(B42,1) -> 45017 | C43: =C42+1 -> 31 | D43: =IF(C43>$D4,0,1) -> 1 | E43: {=INDEX(_xlfn.STOCKHISTORY('Statements Input'!$C$3,'Beta Calculation'!B43,,2,,1),2)} -> 107 | G43: 1 | H43: 9322.9 | I43: =((E43*G43-E42+F43*G43)/E42)*D43 -> 0 | J43: =((H43-H42)/H42)*D43 -> 0.024708456 | K43: =(I43-AVERAGE(I14:I72))^2*D43 -> 1.897873e-05 | L43: =(J43-AVERAGE(J14:J72))^2*D43 -> 0.00013112961 | M43: =(I43-AVERAGE(I14:I72))*(J43-AVERAGE(J14:J72))*D43 -> -4.9886605e-05
B44: =EDATE(B43,1) -> 45047 | C44: =C43+1 -> 32 | D44: =IF(C44>$D4,0,1) -> 1 | E44: {=INDEX(_xlfn.STOCKHISTORY('Statements Input'!$C$3,'Beta Calculation'!B44,,2,,1),2)} -> 110 | G44: 1 | H44: 9157.4 | I44: =((E44*G44-E43+F44*G44)/E43)*D44 -> 0.028037383 | J44: =((H44-H43)/H43)*D44 -> -0.017751987 | K44: =(I44-AVERAGE(I14:I72))^2*D44 -> 0.0005607862 | L44: =(J44-AVERAGE(J14:J72))^2*D44 -> 0.00096157414 | M44: =(I44-AVERAGE(I14:I72))*(J44-AVERAGE(J14:J72))*D44 -> -0.00073432793
B45: =EDATE(B44,1) -> 45078 | C45: =C44+1 -> 33 | D45: =IF(C45>$D4,0,1) -> 1 | E45: {=INDEX(_xlfn.STOCKHISTORY('Statements Input'!$C$3,'Beta Calculation'!B45,,2,,1),2)} -> 108 | G45: 1 | H45: 9082 | I45: =((E45*G45-E44+F45*G45)/E44)*D45 -> -0.018181818 | J45: =((H45-H44)/H44)*D45 -> -0.0082337781 | K45: =(I45-AVERAGE(I14:I72))^2*D45 -> 0.00050797391 | L45: =(J45-AVERAGE(J14:J72))^2*D45 -> 0.00046186523 | M45: =(I45-AVERAGE(I14:I72))*(J45-AVERAGE(J14:J72))*D45 -> 0.00048437123
B46: =EDATE(B45,1) -> 45108 | C46: =C45+1 -> 34 | D46: =IF(C46>$D4,0,1) -> 1 | E46: {=INDEX(_xlfn.STOCKHISTORY('Statements Input'!$C$3,'Beta Calculation'!B46,,2,,1),2)} -> 110 | G46: 1 | H46: 9167.5 | I46: =((E46*G46-E45+F46*G46)/E45)*D46 -> 0.018518519 | J46: =((H46-H45)/H45)*D46 -> 0.0094142259 | K46: =(I46-AVERAGE(I14:I72))^2*D46 -> 0.00020056395 | L46: =(J46-AVERAGE(J14:J72))^2*D46 -> 1.4769002e-05 | M46: =(I46-AVERAGE(I14:I72))*(J46-AVERAGE(J14:J72))*D46 -> -5.4425448e-05
B47: =EDATE(B46,1) -> 45139 | C47: =C46+1 -> 35 | D47: =IF(C47>$D4,0,1) -> 1 | E47: {=INDEX(_xlfn.STOCKHISTORY('Statements Input'!$C$3,'Beta Calculation'!B47,,2,,1),2)} -> 109 | G47: 1 | H47: 9644.8 | I47: =((E47*G47-E46+F47*G47)/E46)*D47 -> -0.0090909091 | J47: =((H47-H46)/H46)*D47 -> 0.052064358 | K47: =(I47-AVERAGE(I14:I72))^2*D47 -> 0.00018083169 | L47: =(J47-AVERAGE(J14:J72))^2*D47 -> 0.0015059899 | M47: =(I47-AVERAGE(I14:I72))*(J47-AVERAGE(J14:J72))*D47 -> -0.00052185314
B48: =EDATE(B47,1) -> 45170 | C48: =C47+1 -> 36 | D48: =IF(C48>$D4,0,1) -> 1 | E48: {=INDEX(_xlfn.STOCKHISTORY('Statements Input'!$C$3,'Beta Calculation'!B48,,2,,1),2)} -> 108.5 | G48: 1 | H48: 9502.9 | I48: =((E48*G48-E47+F48*G48)/E47)*D48 -> -0.004587156 | J48: =((H48-H47)/H47)*D48 -> -0.014712591 | K48: =(I48-AVERAGE(I14:I72))^2*D48 -> 7.9988238e-05 | L48: =(J48-AVERAGE(J14:J72))^2*D48 -> 0.00078231325 | M48: =(I48-AVERAGE(I14:I72))*(J48-AVERAGE(J14:J72))*D48 -> 0.00025015167
B49: =EDATE(B48,1) -> 45200 | C49: =C48+1 -> 37 | D49: =IF(C49>$D4,0,1) -> 1 | E49: {=INDEX(_xlfn.STOCKHISTORY('Statements Input'!$C$3,'Beta Calculation'!B49,,2,,1),2)} -> 101 | G49: 1 | H49: 9449.6 | I49: =((E49*G49-E48+F49*G49)/E48)*D49 -> -0.069124424 | J49: =((H49-H48)/H48)*D49 -> -0.0056088142 | K49: =(I49-AVERAGE(I14:I72))^2*D49 -> 0.0053994401 | L49: =(J49-AVERAGE(J14:J72))^2*D49 -> 0.0003559292 | M49: =(I49-AVERAGE(I14:I72))*(J49-AVERAGE(J14:J72))*D49 -> 0.0013862967
B50: =EDATE(B49,1) -> 45231 | C50: =C49+1 -> 38 | D50: =IF(C50>$D4,0,1) -> 1 | E50: {=INDEX(_xlfn.STOCKHISTORY('Statements Input'!$C$3,'Beta Calculation'!B50,,2,,1),2)} -> 110.5 | G50: 1 | H50: 9319 | I50: =((E50*G50-E49+F50*G50)/E49)*D50 -> 0.094059406 | J50: =((H50-H49)/H49)*D50 -> -0.013820691 | K50: =(I50-AVERAGE(I14:I72))^2*D50 -> 0.0080466188 | L50: =(J50-AVERAGE(J14:J72))^2*D50 -> 0.00073321607 | M50: =(I50-AVERAGE(I14:I72))*(J50-AVERAGE(J14:J72))*D50 -> -0.0024289731
B51: =EDATE(B50,1) -> 45261 | C51: =C50+1 -> 39 | D51: =IF(C51>$D4,0,1) -> 1 | E51: {=INDEX(_xlfn.STOCKHISTORY('Statements Input'!$C$3,'Beta Calculation'!B51,,2,,1),2)} -> 117 | G51: 1 | H51: 9075 | I51: =((E51*G51-E50+F51*G51)/E50)*D51 -> 0.058823529 | J51: =((H51-H50)/H50)*D51 -> -0.026183067 | K51: =(I51-AVERAGE(I14:I72))^2*D51 -> 0.0029666618 | L51: =(J51-AVERAGE(J14:J72))^2*D51 -> 0.0015555403 | M51: =(I51-AVERAGE(I14:I72))*(J51-AVERAGE(J14:J72))*D51 -> -0.0021481997
B52: =EDATE(B51,1) -> 45292 | C52: =C51+1 -> 40 | D52: =IF(C52>$D4,0,1) -> 1 | E52: {=INDEX(_xlfn.STOCKHISTORY('Statements Input'!$C$3,'Beta Calculation'!B52,,2,,1),2)} -> 126 | G52: 1 | H52: 10140.8 | I52: =((E52*G52-E51+F52*G52)/E51)*D52 -> 0.076923077 | J52: =((H52-H51)/H51)*D52 -> 0.11744353 | K52: =(I52-AVERAGE(I14:I72))^2*D52 -> 0.0052659141 | L52: =(J52-AVERAGE(J14:J72))^2*D52 -> 0.010854776 | M52: =(I52-AVERAGE(I14:I72))*(J52-AVERAGE(J14:J72))*D52 -> 0.0075604442
B53: =EDATE(B52,1) -> 45323 | C53: =C52+1 -> 41 | D53: =IF(C53>$D4,0,1) -> 1 | E53: {=INDEX(_xlfn.STOCKHISTORY('Statements Input'!$C$3,'Beta Calculation'!B53,,2,,1),2)} -> 123.5 | G53: 1 | H53: 10182.1 | I53: =((E53*G53-E52+F53*G53)/E52)*D53 -> -0.01984127 | J53: =((H53-H52)/H52)*D53 -> 0.004072657 | K53: =(I53-AVERAGE(I14:I72))^2*D53 -> 0.00058553005 | L53: =(J53-AVERAGE(J14:J72))^2*D53 -> 8.4357151e-05 | M53: =(I53-AVERAGE(I14:I72))*(J53-AVERAGE(J14:J72))*D53 -> 0.00022224682
B54: =EDATE(B53,1) -> 45352 | C54: =C53+1 -> 42 | D54: =IF(C54>$D4,0,1) -> 1 | E54: {=INDEX(_xlfn.STOCKHISTORY('Statements Input'!$C$3,'Beta Calculation'!B54,,2,,1),2)} -> 135 | G54: 1 | H54: 10014 | I54: =((E54*G54-E53+F54*G54)/E53)*D54 -> 0.093117409 | J54: =((H54-H53)/H53)*D54 -> -0.016509364 | K54: =(I54-AVERAGE(I14:I72))^2*D54 -> 0.0078785063 | L54: =(J54-AVERAGE(J14:J72))^2*D54 -> 0.00088605264 | M54: =(I54-AVERAGE(I14:I72))*(J54-AVERAGE(J14:J72))*D54 -> -0.0026421149
B55: =EDATE(B54,1) -> 45383 | C55: =C54+1 -> 43 | D55: =IF(C55>$D4,0,1) -> 1 | E55: {=INDEX(_xlfn.STOCKHISTORY('Statements Input'!$C$3,'Beta Calculation'!B55,,2,,1),2)} -> 145 | G55: 1 | H55: 10064.7 | I55: =((E55*G55-E54+F55*G55)/E54)*D55 -> 0.074074074 | J55: =((H55-H54)/H54)*D55 -> 0.0050629119 | K55: =(I55-AVERAGE(I14:I72))^2*D55 -> 0.0048605459 | L55: =(J55-AVERAGE(J14:J72))^2*D55 -> 6.7147536e-05 | M55: =(I55-AVERAGE(I14:I72))*(J55-AVERAGE(J14:J72))*D55 -> -0.00057129124
B56: =EDATE(B55,1) -> 45413 | C56: =C55+1 -> 44 | D56: =IF(C56>$D4,0,1) -> 1 | E56: {=INDEX(_xlfn.STOCKHISTORY('Statements Input'!$C$3,'Beta Calculation'!B56,,2,,1),2)} -> 120.5 | G56: 1 | H56: 10975.6 | I56: =((E56*G56-E55+F56*G56)/E55)*D56 -> -0.16896552 | J56: =((H56-H55)/H55)*D56 -> 0.090504436 | K56: =(I56-AVERAGE(I14:I72))^2*D56 -> 0.030040507 | L56: =(J56-AVERAGE(J14:J72))^2*D56 -> 0.0059671244 | M56: =(I56-AVERAGE(I14:I72))*(J56-AVERAGE(J14:J72))*D56 -> -0.013388631
B57: =EDATE(B56,1) -> 45444 | C57: =C56+1 -> 45 | D57: =IF(C57>$D4,0,1) -> 1 | E57: {=INDEX(_xlfn.STOCKHISTORY('Statements Input'!$C$3,'Beta Calculation'!B57,,2,,1),2)} -> 119 | G57: 1 | H57: 10872 | I57: =((E57*G57-E56+F57*G57)/E56)*D57 -> -0.012448133 | J57: =((H57-H56)/H56)*D57 -> -0.0094391195 | K57: =(I57-AVERAGE(I14:I72))^2*D57 -> 0.00028239428 | L57: =(J57-AVERAGE(J14:J72))^2*D57 -> 0.00051512618 | M57: =(I57-AVERAGE(I14:I72))*(J57-AVERAGE(J14:J72))*D57 -> 0.00038140358
B58: =EDATE(B57,1) -> 45474 | C58: =C57+1 -> 46 | D58: =IF(C58>$D4,0,1) -> 1 | E58: {=INDEX(_xlfn.STOCKHISTORY('Statements Input'!$C$3,'Beta Calculation'!B58,,2,,1),2)} -> 125 | G58: 1 | H58: 11397.2 | I58: =((E58*G58-E57+F58*G58)/E57)*D58 -> 0.050420168 | J58: =((H58-H57)/H57)*D58 -> 0.048307579 | K58: =(I58-AVERAGE(I14:I72))^2*D58 -> 0.0021218654 | L58: =(J58-AVERAGE(J14:J72))^2*D58 -> 0.001228524 | M58: =(I58-AVERAGE(I14:I72))*(J58-AVERAGE(J14:J72))*D58 -> 0.0016145472
B59: =EDATE(B58,1) -> 45505 | C59: =C58+1 -> 47 | D59: =IF(C59>$D4,0,1) -> 1 | E59: {=INDEX(_xlfn.STOCKHISTORY('Statements Input'!$C$3,'Beta Calculation'!B59,,2,,1),2)} -> 116.5 | G59: 1 | H59: 11057 | I59: =((E59*G59-E58+F59*G59)/E58)*D59 -> -0.068 | J59: =((H59-H58)/H58)*D59 -> -0.029849437 | K59: =(I59-AVERAGE(I14:I72))^2*D59 -> 0.0052354571 | L59: =(J59-AVERAGE(J14:J72))^2*D59 -> 0.0018581883 | M59: =(I59-AVERAGE(I14:I72))*(J59-AVERAGE(J14:J72))*D59 -> 0.0031190488
B60: =EDATE(B59,1) -> 45536 | C60: =C59+1 -> 48 | D60: =IF(C60>$D4,0,1) -> 1 | E60: {=INDEX(_xlfn.STOCKHISTORY('Statements Input'!$C$3,'Beta Calculation'!B60,,2,,1),2)} -> 110.5 | G60: 1 | H60: 10854.3 | I60: =((E60*G60-E59+F60*G60)/E59)*D60 -> -0.051502146 | J60: =((H60-H59)/H59)*D60 -> -0.018332278 | K60: =(I60-AVERAGE(I14:I72))^2*D60 -> 0.0031201837 | L60: =(J60-AVERAGE(J14:J72))^2*D60 -> 0.00099789968 | M60: =(I60-AVERAGE(I14:I72))*(J60-AVERAGE(J14:J72))*D60 -> 0.0017645482
B61: =EDATE(B60,1) -> 45566 | C61: =C60+1 -> 49 | D61: =IF(C61>$D4,0,1) -> 1 | E61: {=INDEX(_xlfn.STOCKHISTORY('Statements Input'!$C$3,'Beta Calculation'!B61,,2,,1),2)} -> 112 | G61: 1 | H61: 11395.3 | I61: =((E61*G61-E60+F61*G61)/E60)*D61 -> 0.013574661 | J61: =((H61-H60)/H60)*D61 -> 0.049841998 | K61: =(I61-AVERAGE(I14:I72))^2*D61 -> 8.4975253e-05 | L61: =(J61-AVERAGE(J14:J72))^2*D61 -> 0.0013384422 | M61: =(I61-AVERAGE(I14:I72))*(J61-AVERAGE(J14:J72))*D61 -> 0.00033724541
B62: =EDATE(B61,1) -> 45597 | C62: =C61+1 -> 50 | D62: =IF(C62>$D4,0,1) -> 1 | E62: {=INDEX(_xlfn.STOCKHISTORY('Statements Input'!$C$3,'Beta Calculation'!B62,,2,,1),2)} -> 105 | G62: 1 | H62: 11673.5 | I62: =((E62*G62-E61+F62*G62)/E61)*D62 -> -0.0625 | J62: =((H62-H61)/H61)*D62 -> 0.024413574 | K62: =(I62-AVERAGE(I14:I72))^2*D62 -> 0.004469786 | L62: =(J62-AVERAGE(J14:J72))^2*D62 -> 0.00012446308 | M62: =(I62-AVERAGE(I14:I72))*(J62-AVERAGE(J14:J72))*D62 -> -0.00074587085
B63: =EDATE(B62,1) -> 45627 | C63: =C62+1 -> 51 | D63: =IF(C63>$D4,0,1) -> 1 | E63: {=INDEX(_xlfn.STOCKHISTORY('Statements Input'!$C$3,'Beta Calculation'!B63,,2,,1),2)} -> 107.5 | G63: 1 | H63: 11843 | I63: =((E63*G63-E62+F63*G63)/E62)*D63 -> 0.023809524 | J63: =((H63-H62)/H62)*D63 -> 0.014520067 | K63: =(I63-AVERAGE(I14:I72))^2*D63 -> 0.00037842175 | L63: =(J63-AVERAGE(J14:J72))^2*D63 -> 1.594651e-06 | M63: =(I63-AVERAGE(I14:I72))*(J63-AVERAGE(J14:J72))*D63 -> 2.4565232e-05
B64: =EDATE(B63,1) -> 45658 | C64: =C63+1 -> 52 | D64: =IF(C64>$D4,0,1) -> 1 | E64: {=INDEX(_xlfn.STOCKHISTORY('Statements Input'!$C$3,'Beta Calculation'!B64,,2,,1),2)} -> 109 | G64: 1 | H64: 11735.3 | I64: =((E64*G64-E63+F64*G64)/E63)*D64 -> 0.013953488 | J64: =((H64-H63)/H63)*D64 -> -0.0090939796 | K64: =(I64-AVERAGE(I14:I72))^2*D64 -> 9.2102985e-05 | L64: =(J64-AVERAGE(J14:J72))^2*D64 -> 0.00049957844 | M64: =(I64-AVERAGE(I14:I72))*(J64-AVERAGE(J14:J72))*D64 -> -0.00021450563
B65: =EDATE(B64,1) -> 45689 | C65: =C64+1 -> 53 | D65: =IF(C65>$D4,0,1) -> 1 | E65: {=INDEX(_xlfn.STOCKHISTORY('Statements Input'!$C$3,'Beta Calculation'!B65,,2,,1),2)} -> 103.5 | G65: 1 | H65: 11676.9 | I65: =((E65*G65-E64+F65*G65)/E64)*D65 -> -0.050458716 | J65: =((H65-H64)/H64)*D65 -> -0.0049764386 | K65: =(I65-AVERAGE(I14:I72))^2*D65 -> 0.0030047033 | L65: =(J65-AVERAGE(J14:J72))^2*D65 -> 0.0003324682 | M65: =(I65-AVERAGE(I14:I72))*(J65-AVERAGE(J14:J72))*D65 -> 0.00099948401
B66: =EDATE(B65,1) -> 45717 | C66: =C65+1 -> 54 | D66: =IF(C66>$D4,0,1) -> 1 | E66: {=INDEX(_xlfn.STOCKHISTORY('Statements Input'!$C$3,'Beta Calculation'!B66,,2,,1),2)} -> 101 | G66: 1 | H66: 12205.8 | I66: =((E66*G66-E65+F66*G66)/E65)*D66 -> -0.024154589 | J66: =((H66-H65)/H65)*D66 -> 0.045294556 | K66: =(I66-AVERAGE(I14:I72))^2*D66 -> 0.00081287984 | L66: =(J66-AVERAGE(J14:J72))^2*D66 -> 0.0010263876 | M66: =(I66-AVERAGE(I14:I72))*(J66-AVERAGE(J14:J72))*D66 -> -0.00091341653
B67: =EDATE(B66,1) -> 45748 | C67: =C66+1 -> 55 | D67: =IF(C67>$D4,0,1) -> 1 | E67: {=INDEX(_xlfn.STOCKHISTORY('Statements Input'!$C$3,'Beta Calculation'!B67,,2,,1),2)} -> 103.5 | G67: 1 | H67: 13373.1 | I67: =((E67*G67-E66+F67*G67)/E66)*D67 -> 0.024752475 | J67: =((H67-H66)/H66)*D67 -> 0.095634862 | K67: =(I67-AVERAGE(I14:I72))^2*D67 -> 0.0004159975 | L67: =(J67-AVERAGE(J14:J72))^2*D67 -> 0.0067860674 | M67: =(I67-AVERAGE(I14:I72))*(J67-AVERAGE(J14:J72))*D67 -> 0.0016801747
B68: =EDATE(B67,1) -> 45778 | C68: =C67+1 -> 56 | D68: =IF(C68>$D4,0,1) -> 1 | E68: {=INDEX(_xlfn.STOCKHISTORY('Statements Input'!$C$3,'Beta Calculation'!B68,,2,,1),2)} -> 117 | G68: 1 | H68: 13297 | I68: =((E68*G68-E67+F68*G68)/E67)*D68 -> 0.13043478 | J68: =((H68-H67)/H67)*D68 -> -0.005690528 | K68: =(I68-AVERAGE(I14:I72))^2*D68 -> 0.015895744 | L68: =(J68-AVERAGE(J14:J72))^2*D68 -> 0.00035901912 | M68: =(I68-AVERAGE(I14:I72))*(J68-AVERAGE(J14:J72))*D68 -> -0.0023889069
B69: =EDATE(B68,1) -> 45809 | C69: =C68+1 -> 57 | D69: =IF(C69>$D4,0,1) -> 1 | E69: {=INDEX(_xlfn.STOCKHISTORY('Statements Input'!$C$3,'Beta Calculation'!B69,,2,,1),2)} -> 118 | G69: 1 | H69: 13446.7 | I69: =((E69*G69-E68+F69*G69)/E68)*D69 -> 0.0085470085 | J69: =((H69-H68)/H68)*D69 -> 0.011258179 | K69: =(I69-AVERAGE(I14:I72))^2*D69 -> 1.7560711e-05 | L69: =(J69-AVERAGE(J14:J72))^2*D69 -> 3.9963744e-06 | M69: =(I69-AVERAGE(I14:I72))*(J69-AVERAGE(J14:J72))*D69 -> -8.3773011e-06
B70: =EDATE(B69,1) -> 45839 | C70: =C69+1 -> 58 | D70: =IF(C70>$D4,0,1) -> 1 | E70: {=INDEX(_xlfn.STOCKHISTORY('Statements Input'!$C$3,'Beta Calculation'!B70,,2,,1),2)} -> 99.4 | G70: 1 | H70: 14202.8 | I70: =((E70*G70-E69+F70*G70)/E69)*D70 -> -0.15762712 | J70: =((H70-H69)/H69)*D70 -> 0.056229409 | K70: =(I70-AVERAGE(I14:I72))^2*D70 -> 0.026238679 | L70: =(J70-AVERAGE(J14:J72))^2*D70 -> 0.0018466046 | M70: =(I70-AVERAGE(I14:I72))*(J70-AVERAGE(J14:J72))*D70 -> -0.0069607805
B71: =EDATE(B70,1) -> 45870 | C71: =C70+1 -> 59 | D71: =IF(C71>$D4,0,1) -> 1 | E71: {=INDEX(_xlfn.STOCKHISTORY('Statements Input'!$C$3,'Beta Calculation'!B71,,2,,1),2)} -> 95 | G71: 1 | H71: 13987.4 | I71: =((E71*G71-E70+F71*G71)/E70)*D71 -> -0.044265594 | J71: =((H71-H70)/H70)*D71 -> -0.015166024 | K71: =(I71-AVERAGE(I14:I72))^2*D71 -> 0.0023641039 | L71: =(J71-AVERAGE(J14:J72))^2*D71 -> 0.00080788373 | M71: =(I71-AVERAGE(I14:I72))*(J71-AVERAGE(J14:J72))*D71 -> 0.001381999
B72: =EDATE(B71,1) -> 45901 | C72: =C71+1 -> 60 | D72: =IF(C72>$D4,0,1) -> 1 | E72: {=INDEX(_xlfn.STOCKHISTORY('Statements Input'!$C$3,'Beta Calculation'!B72,,2,,1),2)} -> 91.8 | G72: 1 | H72: 14126.7 | I72: =((E72*G72-E71+F72*G72)/E71)*D72 -> -0.033684211 | J72: =((H72-H71)/H71)*D72 -> 0.0099589631 | K72: =(I72-AVERAGE(I14:I72))^2*D72 -> 0.0014470925 | L72: =(J72-AVERAGE(J14:J72))^2*D72 -> 1.0878841e-05 | M72: =(I72-AVERAGE(I14:I72))*(J72-AVERAGE(J14:J72))*D72 -> 0.00012546987
